 Dungeon Crawl Stone Soup version 0.31-a0-692-gf03d1854d5 (webtiles) character file.

Game seed: 10036277061396991089

514797 qw the Conqueror (level 25, 0/187 HPs)
             Began as a Gargoyle Hunter on Sept 6, 2023.
             Was a High Priest of Okawaru.
             Slain by a green draconian monk (19 damage)
             ... led by a yellow draconian annihilator
             ... on level 1 of the Realm of Zot.
             The game lasted 00:22:35 (44858 turns).

qw the Conqueror (Gargoyle Hunter)                 Turns: 44858, Time: 00:22:36

Health: 0/187      AC: 45    Str: 15    XL:     25   Next: 16%
Magic:  31/31      EV: 36    Int: 19    God:    Okawaru [*****.]
Gold:   3146       SH:  0    Dex: 27    Spells: 24/24 levels left

rFire   + . .        k - +27 heavy crossbow "Sniper" {heavy, Acc+∞ SInv}
rCold   + . .        (shield currently unavailable)
rNeg    + . .        u - +5 ring mail "Uvylayk" {rF+ rC+}
rPois   inf          e - +2 helmet of the Heavens {Slay+2}
rElec   +            I - scarf of Rotation {repulsion, rPois Regen+ Stlth+}
rCorr   .            w - +1 pair of gloves of Jyehenaa {Will+ Int+5}
SInv    +            g - +2 pair of boots
Will    ++...        O - amulet of faith
Stlth   ++++         N - +5 ring of evasion
HPRegen 1.31/turn    K - +6 ring of dexterity
MPRegen 0.22/turn

%: repel missiles, faith
@: about to teleport, heroic, flying
A: sickness immunity, AC +19, big wings, negative energy resistance 1,
electricity resistance, torment resistance 1, petrification resistance
}: 3/15 runes: serpentine, barnacled, silver
a: Renounce Religion, Heroism, Finesse, Duel


You were on level 1 of the Realm of Zot.
You worshipped Okawaru.
Okawaru was extremely pleased with you.
You visited 9 branches of the dungeon, and saw 41 of its levels.
You also visited: Ossuary.

You collected 8447 gold pieces.
You spent 5301 gold pieces at shops.


Innate Abilities, Weirdness & Mutations

You are immune to sickness and miasma.
Your stone body is resilient. (AC +19)
You are immune to poison.
Your large and strong wings let you fly.
You resist negative energy. (rN+)
You are resistant to electric shocks. (rElec)
You are resistant to unholy torment.
You are immune to petrification.


   Skills:
 O Level 27 Fighting
 - Level 22.0(27) Ranged Weapons
 - Level 19.0(24.0) Armour
 + Level 16.9(21.9) Dodging
 - Level 1.1(6.1) Stealth
 - Level 11.6 Invocations


You had 24 spell levels left.
You didn't know any spells.
Your spell library was empty.

Inventory:

Hand Weapons
 k - the +27 heavy crossbow "Sniper" (weapon) {heavy, Acc+∞ SInv}
   (You acquired it in an ossuary)

   Acc+∞: It never misses its target.
   SInv:      It lets you see invisible.
Armour
 e - the +2 helmet of the Heavens (worn) {Slay+2}
   (You found it on level 1 of the Vaults)

   Slay+2:    It affects your accuracy & damage with ranged weapons and melee
   (+2).
 g - a +2 pair of boots (worn)
 n - a +2 pair of gloves
 p - a +2 helmet of see invisible
 u - the +5 ring mail "Uvylayk" (worn) {rF+ rC+}
   (You found it on level 11 of the Dungeon)

   rF+:       It protects you from fire.
   rC+:       It protects you from cold.
 w - the +1 pair of gloves of Jyehenaa (worn) {Will+ Int+5}
   (Okawaru gifted it to you on level 1 of the Orcish Mines)

   Int+5:     It affects your intelligence (+5).
   Will+:     It increases your willpower.
 x - the +4 leather armour of the Amoeba {rPois rF- Regen+ rCorr}
   (You bought it in a shop on level 2 of the Orcish Mines)

   rF-:       It makes you vulnerable to fire.
   rPois:     It protects you from poison Regen+: It increases your rate of
   health regeneration.
   rCorr:     It protects you from acid and corrosion.
 y - the +5 robe "Nuroc" {Int+3 Dex+3}
   (You bought it in a shop on level 2 of the Orcish Mines)

   Int+3:     It affects your intelligence (+3).
   Dex+3:     It affects your dexterity (+3).
 I - the scarf of Rotation (worn) {repulsion, rPois Regen+ Stlth+}
   (You found it on level 5 of the Vaults)

   rPois:     It protects you from poison Regen+: It increases your rate of
   health regeneration.
   Stlth+:    It makes you more stealthy.
Jewellery
 t - a ring of protection from fire
 C - an amulet of reflection
 K - a +6 ring of dexterity (right hand)
 N - a +5 ring of evasion (left hand)
 O - an amulet of faith (around neck)
Wands
 F - a wand of digging (4)
Scrolls
 h - 26 scrolls of identify
 m - 6 scrolls of enchant armour
 q - 12 scrolls of teleportation
 z - 3 scrolls of brand weapon
 G - 4 scrolls of enchant weapon
Potions
 a - 11 potions of enlightenment
 b - 8 potions of haste
 f - 14 potions of curing
 i - 2 potions of mutation
 l - 12 potions of might
 s - 6 potions of cancellation
 A - a potion of magic

Dungeon Overview and Level Annotations

Branches:
Dungeon (15/15)            Temple (1/1) D:6            Lair (5/5) D:8
 Shoals (4/4) Lair:2        Snake (4/4) Lair:2        Slime (0/5) Lair:5
    Orc (2/2) D:12            Elf (0/3) Orc:2        Vaults (5/5) D:14
  Crypt (0/3) Vaults:2     Depths (4/4) D:15            Zot (1/5) Depths:4
Ossuary (visited)

Altars:
Ashenzari
Cheibriados
Dithmenos
Elyvilon
Fedhas
Gozag
Hepliaklqana
Kikubaaqudgha
Makhleb
Nemelex Xobeh
Okawaru
Qazlal
Ru
Sif Muna
Trog
Uskayaw
Vehumet
Wu Jian
Xom
Yredelemnul
Zin
The Shining One
Jiyva

Shops:
D:4 :   D:7 (   Orc:2 ?([[   Shoals:3 :   Snake:2 *!(*   Snake:3 ?   Vaults:5 =
Depths:2 *[   Depths:3 *(*

Portals:
Hell: Depths:1 Depths:2 Depths:3 Depths:4
Abyss: Depths:3
Pandemonium: Depths:2
Ziggurat: Depths:1

Annotations:
D:6 2 transporters, qw's ghost, legendary GrHu
D:8 3 runed translucent doors, qw's ghost, novice GrHs
D:9 2 transporters, qw's ghost, novice MiHs
Lair:3 2 transporters, qw's ghost, journeyman MiHs
Depths:3 3 runed translucent doors
Depths:4 9 runed translucent doors, qw's ghost, veteran GrFi


Message History

The electric golem blinks!
A moth of wrath comes into view.
The black draconian knight hits you but does no damage.
The green draconian misses you. The green draconian barely misses you.
The purple draconian shifter breathes dispelling energy at you.
The bolt of dispelling energy hits you but does no damage.
You feel strangely stable.
Your magical effects are unravelling.
The bolt of dispelling energy hits the black draconian knight!!
The black draconian knight's magical effects unravel!
The storm dragon bites you but does no damage.
The storm dragon completely misses you. The storm dragon barely misses you.
The quicksilver dragon completely misses you.
The quicksilver dragon closely misses you.
The yellow draconian annihilator spits acid at you.
The glob of acid is repelled.
The glob of acid hits the storm dragon!
The acid corrodes the storm dragon!
The acid splashes onto the quicksilver dragon!
The quicksilver dragon is splashed with acid.
The acid corrodes the quicksilver dragon!
The acid splashes onto the black draconian knight!
The black draconian knight is splashed with acid.
The acid corrodes the black draconian knight!
The acid splashes onto you!
You are splashed with acid!
The acid splashes onto the purple draconian shifter!
The purple draconian shifter is splashed with acid.
The purple draconian shifter seems to be corroded for longer.
The acid splashes onto the green draconian monk!
The green draconian monk is splashed with acid.
The moth of wrath misses you.
44858 ||| READING 13 scrolls of teleportation.
As you read the scroll of teleportation, it crumbles to dust.
You feel strangely unstable.
You feel the Orb delaying your translocation!
You are no longer corroded.
The quicksilver dragon completely misses you.
The quicksilver dragon closely misses you.
The green draconian monk completely misses you.
The green draconian monk kicks you!!
You die...

....................
.....................
.....................
..........9.¤........
.................9...
.....................
.......)............
.....$DDq...........
......q@q...........
......yqd...........
....................
.......D.......
...............
.......$..*....
..............#
#...>.....y..##


You could see an orb of fire, an electric golem, a green draconian monk
(berserk), a black draconian knight (corroded), 2 storm dragons, a green
draconian (berserk), a purple draconian shifter (corroded), a quicksilver dragon
(berserk, corroded), a yellow draconian annihilator (catching breath) and 2
moths of wrath.

Vanquished Creatures
  A dread lich (Vaults:4)
  An ancient lich (Vaults:1)
  Mara (Snake:4)
  3 juggernauts (Depths:2)
  Bai Suzhen (Shoals:4)
  Saint Roka (Snake:2)
  Vashnia (Snake:4)
  2 golden dragons
  3 bone dragons (Depths:4)
  5 tentacled monstrosities
  Rupert (D:15)
  7 liches
  Polyphemus (Shoals:4)
  5 titans (Vaults:5)
  A walking frostbound tome (Depths:4)
  A quicksilver dragon (Vaults:5)
  A sphinx (Vaults:5)
  3 storm dragons
  3 shadow dragons (Vaults:5)
  Aizul (Snake:1)
  Donald (Vaults:1)
  6 nagarajas
  3 deep elf sorcerers (Vaults:5)
  4 tengu reavers
  Roxanne (D:15)
  12 fire giants
  9 frost giants
  A draconian knight (Depths:4)
  13 vault wardens
  2 balrugs
  An angel (Shoals:4)
  Louise (Shoals:4)
  18 ironbound preservers
  3 war gargoyles
  A spriggan defender (Depths:2)
  2 orc warlords
  3 draconian annihilators
  8 ironbound thunderhulks
  12 very ugly things
  A reaper (Depths:3)
  21 stone giants
  2 green draconians (Depths:4)
  9 dire elephants
  An eleionoma (shapeshifter) (Vaults:5)
  Nessos (D:12)
  5 vampire knights
  6 black draconians
  3 white draconians (Depths:4)
  3 red draconians (Depths:4)
  3 spark wasps
  2 deep elf demonologists (Vaults:5)
  3 purple draconians (Depths:4)
  A yellow draconian (Depths:4)
  A minotaur (shapeshifter) (Vaults:5)
  2 crystal guardians
  Snorg (Orc:2)
  16 ettins
  8 merfolk javelineers
  An entropy weaver (Vaults:2)
  8 fire dragons
  7 merfolk impalers
  2 deep elf high priests
  2 great orbs of eyes
  17 yaktaur captains
  4 hydras
  Josephine (Orc:1)
  Fannar (Orc:1)
  2 rakshasas
  2 salamander tyrants (Snake:4)
  2 ogre magi
  3 peacekeepers
  36 vault guards
  9 ice dragons
  Erica (D:8)
  A spriggan air mage (Depths:2)
  3 catoblepae
  11 ironbound frosthearts
  5 merfolk aquamancers
  4 boulder beetles
  5 merfolk avatars
  15 death yaks
  A death knight (Vaults:2)
  11 anacondas
  11 naga warriors
  12 two-headed ogres
  11 centaur warriors
  12 deep troll shamans
  9 deep troll earth magi
  A satyr (Shoals:4)
  A sphinx skeleton (Depths:3)
  6 tengu warriors
  4 shock serpents
  21 naga sharpshooters
  8 spriggan berserkers
  A holy swine (Shoals:4)
  Urug (Orc:1)
  4 orc high priests (Orc:2)
  4 spriggans (Depths:2)
  15 hell knights
  2 sixfirhies (Depths:2)
  A shadow wraith (Vaults:5)
  6 skeletal warriors
  4 skysharks
  8 iron trolls
  4 cherubim (Shoals:4)
  Lodul (D:10)
  2 flayed ghosts
  2 salamander mystics
  59 deep trolls
  A spriggan druid (Depths:3)
  13 sea snakes
  6 glowing orange brains
  8 naga ritualists
  10 wizards
  5 phantasmal warriors
  25 harpies
  3 lindwurms
  15 ironbound convokers
  15 necromancers
  17 mana vipers
  A wolf spider (D:13)
  6 orc knights
  4 oklob plants (Lair:5)
  7 orc sorcerers
  29 ugly things
  A stone giant zombie (Depths:1)
  A fire giant zombie (Depths:1)
  10 fauns (Shoals:1)
  10 salamanders
  A tengu skeleton (Depths:1)
  11 manticores
  8 cyclopes
  A frost giant skeleton (Depths:3)
  7 guardian serpents
  Maurice (D:11)
  16 naga magi
  6 merfolk sirens
  12 vault sentinels
  22 elephants
  A torpor snail (Lair:3)
  3 gargoyles
  32 black mambas
  7 water nymphs
  13 cane toads
  4 kobold demonologists
  20 yaktaurs
  2 rime drakes
  11 komodo dragons
  3 freezing wraiths
  3 tengu conjurers
  2 hellwings (Depths:2)
  3 polar bears
  4 red devils (D:12)
  A polar bear (shapeshifter) (D:13)
  8 trolls
  15 merfolk
  4 hornets (Depths:2)
  A tarantella (Vaults:2)
  17 blink frogs
  An iron dragon simulacrum (Depths:3)
  6 wind drakes
  13 dream sheep
  A dream sheep (shapeshifter) (Vaults:5)
  28 slime creatures
  7 snapping turtles
  A centaur simulacrum (D:15)
  7 shadows
  3 wyverns
  13 water elementals
  Sigmund (D:3)
  A spriggan skeleton (Depths:1)
  43 yaks
  A human (D:14)
  3 basilisks
  A vampire (D:10)
  10 wraiths
  2 redbacks (Vaults:2)
  A steam dragon (D:6)
  7 vampire mosquitoes
  5 wargs
  2 acid dragons (D:11)
  40 nagas
  11 water moccasins
  A floating eye (Depths:2)
  A water moccasin (shapeshifter) (Vaults:2)
  61 orc warriors
  An ice beast (D:6)
  2 sky beasts
  3 black bears
  37 ogres
  3 boggarts (D:15)
  21 wolves
  3 centaurs
  2 phantoms (D:5)
  6 kobold brigands
  Blork the orc (D:5)
  9 bullfrogs
  6 gnoll sergeants
  13 scorpions
  23 wights
  8 killer bees
  10 howler monkeys
  An electric eel (D:7)
  2 centaur zombies (Ossuary)
  4 hounds (D:5)
  2 human zombies (Ossuary)
  3 jellies
  A gnoll bouda (D:9)
  40 orc priests
  4 sleepcaps
  4 iguanas
  4 hell rats (Lair:4)
  4 scorpion zombies (Ossuary)
  24 orc wizards
  An ogre zombie (Orc:1)
  3 mummies (Ossuary)
  17 gnolls
  6 adders
  4 shadow imps
  14 white imps
  An ufetubus (D:6)
  A worm (D:2)
  A dart slug (D:2)
  93 orcs
  3 ball pythons
  7 bats
  3 endoplasms
  3 giant cockroaches
  9 goblins
  7 hobgoblins
  5 jackals
  4 quokkas
  5 frilled lizards
  4 gnoll zombies (Ossuary)
  4 hobgoblin zombies (Ossuary)
  16 kobolds
  2 kobold zombies (Ossuary)
  An orc zombie (Ossuary)
  3 rats
1752 creatures vanquished.

Vanquished Creatures (others)
  An orc priest (Orc:1)
  An orc wizard (Orc:2)
  An orc (Orc:1)
3 creatures vanquished.

Grand Total: 1755 creatures vanquished

Notes
Turn   | Place    | Note
-------+----------+-------------------------------------------
     0 | D:1      | qw the Gargoyle Hunter began the quest for the Orb.
     0 | D:1      | Reached XP level 1. HP: 12/12 MP: 1/1
     0 | D:1      | 0 ||| qw: Version: 0.3-a-76-g4403597
     0 | D:1      | 0 ||| qw: Game counter: 113
     0 | D:1      | 0 ||| qw: Melee chars always use a shield: true
     0 | D:1      | 0 ||| qw: God list: Okawaru
     0 | D:1      | 0 ||| qw: Allow faded altars: false
     0 | D:1      | 0 ||| qw: Do Orc after clearing Dungeon:15 true
     0 | D:1      | 0 ||| qw: Do second Lair branch before Depths: true
     0 | D:1      | 0 ||| qw: Lair rune preference: random
     0 | D:1      | 0 ||| qw: Goals: Normal
     0 | D:1      | 0 ||| PLANNING D:1-11
    73 | D:1      | Reached XP level 2. HP: 10/17 MP: 2/2
   171 | D:1      | You fall into a shaft and drop 1 floor!
   499 | D:2      | Reached XP level 3. HP: 21/21 MP: 3/3
   500 | D:2      | 500 ||| UPGRADING to +6 ring of strength.
   501 | D:2      | 501 ||| READING scroll labelled MORGHA HERI.
   502 | D:2      | 502 ||| READING scroll labelled EDAEGO MOFAT.
   514 | D:2      | 514 ||| DRINKING 2 black potions.
   515 | D:2      | 515 ||| DROPPING scroll of butterflies.
   516 | D:2      | 516 ||| DROPPING potion of brilliance.
   744 | D:1      | 744 ||| READING scroll labelled CEAZYRPH ODEAP.
   745 | D:1      | 745 ||| READING scroll labelled JIPASACVOOCH.
   746 | D:1      | 746 ||| READING scroll labelled DECAUD BAUQIO.
  1061 | D:2      | Reached skill level 3 in Fighting
  1230 | D:2      | 1230 ||| READING scroll labelled PUPPOU QOTRI.
  1264 | D:3      | Noticed Sigmund
  1267 | D:3      | 1267 ||| FLEEEEING.
  1268 | D:3      | 1268 ||| STAIRDANCE
  1285 | D:3      | 1285 ||| STAIRDANCE
  1294 | D:3      | 1294 ||| STAIRDANCE
  1369 | D:3      | HP: 2/23 [Sigmund/magic dart (7)]
  1373 | D:3      | Killed Sigmund
  1374 | D:3      | Reached skill level 6 in Ranged Weapons
  1374 | D:3      | Reached XP level 4. HP: 3/28 MP: 4/4
  1374 | D:3      | Reached XP level 5. HP: 4/32 MP: 5/5
  1541 | D:3      | Found a hide-covered altar of Uskayaw.
  1645 | D:3      | Found a broken altar of Ashenzari.
  1803 | D:3      | Found a burning altar of Makhleb.
  1803 | D:3      | Noticed a blizzard demon
  1806 | D:3      | Noticed a smoke demon
  1806 | D:3      | Noticed a smoke demon
  1952 | D:3      | Reached XP level 6. HP: 37/37 MP: 6/6
  2120 | D:3      | Found a white marble altar of Elyvilon.
  2238 | D:3      | 2238 ||| UPGRADING to +2 robe.
  2248 | D:3      | 2248 ||| DROPPING +0 leather armour.
  2249 | D:3      | 2249 ||| READING scroll labelled CUOFINNEBB.
  2250 | D:3      | 2250 ||| READING scroll labelled ROEBAK QUXZARE.
  2275 | D:3      | 2275 ||| DRINKING 2 sedimented black potions.
  2276 | D:3      | 2276 ||| READING 2 scrolls of identify.
  2276 | D:3      | 2276 ||| IDENTIFYING glowing red potion
  2319 | D:4      | 2319 ||| PLANNING OSSUARY
  2322 | D:4      | Found a sparkling altar of Nemelex Xobeh.
  2340 | D:4      | 2340 ||| SWAPPING to +0 longbow.
  2341 | D:4      | 2341 ||| DROPPING +0 shortbow.
  2403 | D:4      | Found a sand-covered staircase.
  2474 | D:4      | 2474 ||| UPGRADING to +0 pair of boots.
  2479 | D:4      | 2479 ||| READING 2 scrolls of identify.
  2479 | D:4      | 2479 ||| IDENTIFYING metallic purple potion
  2496 | Ossuary  | Entered an ossuary
  2546 | Ossuary  | Reached skill level 4 in Fighting
  2690 | Ossuary  | Reached XP level 7. HP: 43/43 MP: 7/7
  2816 | Ossuary  | Reached skill level 5 in Fighting
  2825 | Ossuary  | 2825 ||| RETREATING.
  2839 | Ossuary  | Reached skill level 1 in Armour
  2862 | Ossuary  | Reached XP level 8. HP: 21/49 MP: 8/8
  3038 | Ossuary  | Reached skill level 9 in Ranged Weapons
  3073 | Ossuary  | 3073 ||| READING 2 scrolls labelled JEDIVIW RANUAT.
  3073 | Ossuary  | Identified 2 scrolls of acquirement
  3073 | Ossuary  | 3073 ||| ACQUIRING +27 heavy crossbow "Sniper" {heavy,
                  | Acc+∞ SInv}
  3073 | Ossuary  | Acquired the +27 heavy crossbow "Sniper" {heavy, Acc+∞
                  | SInv}
  3073 | Ossuary  | Found the +27 heavy crossbow "Sniper" {heavy, Acc+∞ SInv}
  3075 | Ossuary  | 3075 ||| SWAPPING to +27 heavy crossbow "Sniper" {heavy,
                  | Acc+∞ SInv}.
  3076 | Ossuary  | 3076 ||| DROPPING +0 longbow.
  3077 | Ossuary  | 3077 ||| READING scroll of acquirement.
  3077 | Ossuary  | 3077 ||| ACQUIRING ring of willpower
  3077 | Ossuary  | Acquired a ring of willpower
  3079 | Ossuary  | 3079 ||| UPGRADING to ring of willpower.
  3080 | Ossuary  | 3080 ||| READING 4 scrolls of identify.
  3080 | Ossuary  | 3080 ||| IDENTIFYING bubbling sapphire potion
  3081 | Ossuary  | 3081 ||| READING 3 scrolls of identify.
  3081 | Ossuary  | 3081 ||| IDENTIFYING fuming emerald potion
  3082 | Ossuary  | 3082 ||| READING 2 scrolls of identify.
  3082 | Ossuary  | 3082 ||| IDENTIFYING fuming dark potion
  3083 | Ossuary  | 3083 ||| DROPPING potion of lignification.
  3144 | D:4      | 3144 ||| PLANNING D:1-11
  3240 | D:4      | Found Ricsaaf's Tiny Tomes.
  3266 | D:4      | Found a hazy altar of Hepliaklqana.
  3353 | D:4      | Found a snail-covered altar of Cheibriados.
  3460 | D:4      | 3460 ||| READING scroll labelled NONEWAUGUO.
  3489 | D:5      | Entered Level 5 of the Dungeon
  3520 | D:5      | Reached skill level 6 in Fighting
  3520 | D:5      | 3520 ||| Stepping ~*~*~tactically~*~*~ (retreating).
  3526 | D:5      | 3526 ||| Stepping ~*~*~tactically~*~*~ (retreating).
  3536 | D:5      | Reached XP level 9. HP: 56/56 MP: 9/9
  3676 | D:5      | Reached skill level 3 in Dodging
  3691 | D:5      | Found a sacrificial altar of Ru.
  3693 | D:5      | Found an opulent altar of Gozag.
  3753 | D:5      | Noticed Blork the orc
  3754 | D:5      | Killed Blork the orc
  3789 | D:5      | 3789 ||| Stepping ~*~*~tactically~*~*~ (outnumbered).
  3831 | D:5      | Reached skill level 7 in Fighting
  4012 | D:5      | 4012 ||| RETREATING.
  4104 | D:5      | Found a shadowy altar of Dithmenos.
  4298 | D:5      | 4298 ||| UPGRADING to +0 cloak.
  4303 | D:5      | 4303 ||| UPGRADING to amulet of the acrobat.
  4308 | D:5      | 4308 ||| READING 4 scrolls of identify.
  4308 | D:5      | 4308 ||| IDENTIFYING dark potion
  4309 | D:5      | 4309 ||| DROPPING potion of berserk rage.
  4362 | D:6      | Found a glowing silver altar of Zin.
  4371 | D:6      | Found a transporter.
  4376 | D:6      | Found a transporter.
  4378 | D:6      | 4378 ||| RETREATING.
  4391 | D:6      | 4391 ||| RETREATING.
  4403 | D:6      | 4403 ||| RETREATING.
  4406 | D:6      | Reached skill level 8 in Fighting
  4429 | D:6      | Found a staircase to the Ecumenical Temple.
  4430 | D:6      | 4430 ||| PLANNING TEMPLE
  4430 | D:6      | 4430 ||| UPGRADING to +0 robe of cold resistance.
  4447 | Temple   | Entered the Ecumenical Temple
  4448 | Temple   | 4448 ||| PLANNING D:1-11
  4490 | D:6      | Noticed qw's ghost (legendary GrHu)
  4535 | D:6      | Noticed a queen bee
  4584 | D:6      | Found a basalt altar of Yredelemnul.
  4689 | D:6      | Reached skill level 12 in Ranged Weapons
  4689 | D:6      | Reached XP level 10. HP: 64/64 MP: 10/10
  4857 | D:6      | 4857 ||| DROPPING +2 robe.
  4858 | D:6      | 4858 ||| UPGRADING to +0 steam dragon scales.
  4868 | D:6      | 4868 ||| DROPPING +0 robe of cold resistance.
  4869 | D:6      | 4869 ||| UPGRADING to +0 pair of gloves.
  4935 | D:7      | Reached skill level 3 in Armour
  4950 | D:7      | Found a shimmering altar of Xom.
  5165 | D:7      | Found Duoxt's Antique Weapon Boutique.
  5660 | D:7      | 5660 ||| READING 6 scrolls of identify.
  5660 | D:7      | 5660 ||| IDENTIFYING fuming black potion
  5661 | D:7      | 5661 ||| DROPPING potion of attraction.
  5709 | D:8      | Noticed Erica
  5711 | D:8      | Killed Erica
  5749 | D:8      | Found a runed translucent gate.
  5750 | D:8      | Found a staircase to the Lair.
  5750 | D:8      | Found a runed translucent gate.
  5752 | D:8      | Found a runed translucent gate.
  5821 | D:8      | 5821 ||| Stepping ~*~*~tactically~*~*~ (outnumbered).
  5883 | D:8      | Identified the +4 falchion "Moiphuc" {heavy, rElec rCorr
                  | Int+2 Stlth+}
  5930 | D:8      | 5930 ||| RETREATING.
  5937 | D:8      | 5937 ||| Stepping ~*~*~tactically~*~*~ (retreating).
  5939 | D:8      | Reached skill level 9 in Fighting
  6082 | D:8      | Identified the +10 flail "Baefadim" {flame, Dex+2}
  6235 | D:8      | Found an ornate altar of the Wu Jian Council.
  6478 | D:8      | Identified the +12 battleaxe of Prudence {elec, *Rage
                  | Will++ Dex+4}
  6480 | D:8      | Identified the +8 plate armour of the Game of Life {rN+
                  | Will+ MP-9 Int+3}
  6482 | D:8      | Noticed qw's ghost (novice GrHs)
  6504 | D:8      | 6504 ||| READING scroll labelled TAATIV JINOCY.
  6505 | D:8      | 6505 ||| READING scroll labelled FASONOIBRIQ.
  6506 | D:8      | 6506 ||| READING scroll labelled YPNOCO WEOCUWN.
  6659 | D:9      | 6659 ||| STAIRDANCE
  6761 | D:9      | 6761 ||| STAIRDANCE
  6868 | D:9      | Reached XP level 11. HP: 71/71 MP: 11/11
  6868 | D:9      | 6868 ||| STAIRDANCE
  6971 | D:9      | 6971 ||| STAIRDANCE
  6971 | D:9      | Noticed qw's ghost (novice MiHs)
  7304 | D:9      | Noticed a two-headed ogre
  7305 | D:9      | Killed a two-headed ogre
  7492 | D:9      | Found a transporter.
  7519 | D:9      | 7519 ||| Stepping ~*~*~tactically~*~*~ (outnumbered).
  7521 | D:9      | 7521 ||| Stepping ~*~*~tactically~*~*~ (outnumbered).
  7524 | D:9      | 7524 ||| Stepping ~*~*~tactically~*~*~ (outnumbered).
  7564 | D:9      | Found an iron altar of Okawaru.
  7565 | D:9      | 7565 ||| PLANNING OKAWARU WORSHIP
  7565 | D:9      | 7565 ||| UPGRADING to +0 troll leather armour.
  7575 | D:9      | 7575 ||| DROPPING +0 steam dragon scales.
  7576 | D:9      | 7576 ||| READING scroll labelled LIMEOD JOUPTA.
  7584 | D:9      | Became a worshipper of Warmaster Okawaru
  7585 | D:9      | 7585 ||| PLANNING D:1-11
  7640 | D:9      | Found a transporter.
  7675 | D:9      | Reached skill level 10 in Fighting
  7731 | D:9      | 7731 ||| PLANNING LAIR
  7793 | Lair:1   | Entered Level 1 of the Lair of Beasts
  7796 | Lair:1   | 7796 ||| Stepping ~*~*~tactically~*~*~ (water).
  7800 | Lair:1   | 7800 ||| Stepping ~*~*~tactically~*~*~ (water).
  7822 | Lair:1   | Reached * piety under Okawaru
  7936 | Lair:1   | 7936 ||| INVOKING Heroism.
  7940 | Lair:1   | 7940 ||| RETREATING.
  7943 | Lair:1   | 7943 ||| Stepping ~*~*~tactically~*~*~ (retreating).
  7944 | Lair:1   | 7944 ||| Stepping ~*~*~tactically~*~*~ (retreating).
  7945 | Lair:1   | 7945 ||| INVOKING Heroism.
  7946 | Lair:1   | 7946 ||| Stepping ~*~*~tactically~*~*~ (outnumbered).
  7950 | Lair:1   | Reached skill level 15 in Ranged Weapons
  7951 | Lair:1   | 7951 ||| INVOKING Heroism.
  7954 | Lair:1   | Reached skill level 1 in Invocations
  8144 | Lair:1   | 8144 ||| INVOKING Heroism.
  8211 | Lair:1   | 8211 ||| INVOKING Heroism.
  8213 | Lair:1   | Reached skill level 3 in Invocations
  8467 | Lair:1   | 8467 ||| DROPPING amulet of guardian spirit.
  8478 | Lair:2   | 8478 ||| RETREATING.
  8481 | Lair:2   | 8481 ||| INVOKING Heroism.
  8483 | Lair:2   | Reached XP level 12. HP: 77/77 MP: 11/14
  8522 | Lair:2   | 8522 ||| INVOKING Heroism.
  8582 | Lair:2   | Found a staircase to the Shoals.
  8623 | Lair:2   | 8623 ||| INVOKING Heroism.
  8659 | Lair:2   | 8659 ||| INVOKING Heroism.
  8662 | Lair:2   | Noticed a four-headed hydra
  8668 | Lair:2   | 8668 ||| INVOKING Heroism.
  8669 | Lair:2   | Killed a four-headed hydra
  8722 | Lair:2   | 8722 ||| RETREATING.
  8723 | Lair:2   | Reached ** piety under Okawaru
  8747 | Lair:2   | 8747 ||| Stepping ~*~*~tactically~*~*~ (retreating).
  8748 | Lair:2   | 8748 ||| Stepping ~*~*~tactically~*~*~ (retreating).
  8750 | Lair:2   | 8750 ||| Stepping ~*~*~tactically~*~*~ (retreating).
  8751 | Lair:2   | 8751 ||| Stepping ~*~*~tactically~*~*~ (retreating).
  8752 | Lair:2   | 8752 ||| Stepping ~*~*~tactically~*~*~ (retreating).
  8753 | Lair:2   | 8753 ||| Stepping ~*~*~tactically~*~*~ (retreating).
  8754 | Lair:2   | 8754 ||| Stepping ~*~*~tactically~*~*~ (retreating).
  8759 | Lair:2   | 8759 ||| INVOKING Heroism.
  8833 | Lair:2   | Reached skill level 11 in Fighting
  8852 | Lair:2   | Found a staircase to the Snake Pit.
  9011 | Lair:2   | 9011 ||| INVOKING Heroism.
  9203 | Lair:2   | Noticed a four-headed hydra
  9204 | Lair:2   | 9204 ||| INVOKING Heroism.
  9207 | Lair:2   | Killed a four-headed hydra
  9438 | Lair:2   | 9438 ||| DRINKING 2 smoky clear potions.
  9439 | Lair:2   | 9439 ||| READING 7 scrolls of identify.
  9439 | Lair:2   | 9439 ||| IDENTIFYING sedimented dark potion
  9440 | Lair:2   | 9440 ||| DROPPING potion of degeneration.
  9611 | Lair:3   | Found a transporter.
  9611 | Lair:3   | Noticed a skyshark
  9613 | Lair:3   | Noticed qw's ghost (journeyman MiHs)
  9616 | Lair:3   | Noticed an eight-headed hydra
  9618 | Lair:3   | Noticed a skyshark
  9622 | Lair:3   | Found a transporter.
  9643 | Lair:3   | 9643 ||| INVOKING Heroism.
  9684 | Lair:3   | 9684 ||| INVOKING Heroism.
  9702 | Lair:3   | Reached *** piety under Okawaru
  9704 | Lair:3   | 9704 ||| INVOKING Heroism.
  9763 | Lair:3   | 9763 ||| Stepping ~*~*~tactically~*~*~ (outnumbered).
  9764 | Lair:3   | Noticed a four-headed hydra
  9764 | Lair:3   | 9764 ||| Stepping ~*~*~tactically~*~*~ (outnumbered).
  9767 | Lair:3   | 9767 ||| Stepping ~*~*~tactically~*~*~ (outnumbered).
  9818 | Lair:3   | Found a frozen archway.
  9820 | Lair:3   | 9820 ||| Stepping ~*~*~tactically~*~*~ (outnumbered).
  9887 | Lair:3   | 9887 ||| READING scroll of enchant armour.
  9887 | Lair:3   | 9887 ||| ENCHANTING +0 pair of gloves.
 10000 | Lair:3   | Noticed a five-headed hydra
 10001 | Lair:3   | 10001 ||| INVOKING Heroism.
 10003 | Lair:3   | 10003 ||| RETREATING.
 10005 | Lair:3   | Killed a five-headed hydra
 10007 | Lair:3   | Reached XP level 13. HP: 84/84 MP: 14/16
 10023 | Lair:3   | 10023 ||| INVOKING Heroism.
 10027 | Lair:3   | 10027 ||| RETREATING.
 10032 | Lair:3   | Reached skill level 6 in Dodging
 10034 | Lair:3   | 10034 ||| RETREATING.
 10037 | Lair:3   | 10037 ||| INVOKING Heroism.
 10038 | Lair:3   | 10038 ||| Stepping ~*~*~tactically~*~*~ (retreating).
 10044 | Lair:3   | 10044 ||| INVOKING Heroism.
 10434 | Lair:3   | 10434 ||| DRINKING 2 bubbling inky potions.
 10587 | Lair:4   | 10587 ||| INVOKING Heroism.
 10588 | Lair:4   | 10588 ||| RETREATING.
 10589 | Lair:4   | 10589 ||| Stepping ~*~*~tactically~*~*~ (retreating).
 10590 | Lair:4   | 10590 ||| Stepping ~*~*~tactically~*~*~ (retreating).
 10597 | Lair:4   | Reached **** piety under Okawaru
 10601 | Lair:4   | Reached skill level 18 in Ranged Weapons
 10602 | Lair:4   | 10602 ||| INVOKING Heroism.
 10768 | Lair:4   | 10768 ||| INVOKING Heroism.
 10804 | Lair:4   | 10804 ||| INVOKING Heroism.
 10894 | Lair:4   | 10894 ||| Stepping ~*~*~tactically~*~*~ (retreating).
 10895 | Lair:4   | 10895 ||| Stepping ~*~*~tactically~*~*~ (retreating).
 11114 | Lair:4   | 11114 ||| RETREATING.
 11127 | Lair:4   | Reached skill level 6 in Invocations
 11146 | Lair:4   | 11146 ||| DROPPING +1 pair of gloves.
 11147 | Lair:4   | 11147 ||| READING scroll labelled KIVEWN GIUGETT.
 11168 | Lair:5   | Entered Level 5 of the Lair of Beasts
 11190 | Lair:5   | 11190 ||| INVOKING Heroism.
 11278 | Lair:5   | 11278 ||| INVOKING Heroism.
 11297 | Lair:5   | 11297 ||| RETREATING.
 11301 | Lair:5   | 11301 ||| Stepping ~*~*~tactically~*~*~ (retreating).
 11303 | Lair:5   | Reached skill level 12 in Fighting
 11305 | Lair:5   | 11305 ||| Stepping ~*~*~tactically~*~*~ (retreating).
 11341 | Lair:5   | Reached ***** piety under Okawaru
 11353 | Lair:5   | 11353 ||| INVOKING Heroism.
 11377 | Lair:5   | 11377 ||| RETREATING.
 11429 | Lair:5   | Gained mutation: Your large and strong wings let you fly.
                  | [Gargoyle growth]
 11429 | Lair:5   | Reached XP level 14. HP: 92/92 MP: 19/19
 11431 | Lair:5   | 11431 ||| RETREATING.
 11504 | Lair:5   | 11504 ||| Stepping ~*~*~tactically~*~*~ (retreating).
 11505 | Lair:5   | 11505 ||| Stepping ~*~*~tactically~*~*~ (retreating).
 11525 | Lair:5   | Found a bloodstained altar of Trog.
 11803 | Lair:5   | 11803 ||| INVOKING Heroism.
 11804 | Lair:5   | 11804 ||| INVOKING Finesse.
 11806 | Lair:5   | Reached skill level 9 in Invocations
 11856 | Lair:5   | 11856 ||| INVOKING Heroism.
 11857 | Lair:5   | 11857 ||| INVOKING Finesse.
 11986 | Lair:5   | Found a viscous altar of Jiyva.
 11987 | Lair:5   | 11987 ||| INVOKING Heroism.
 11988 | Lair:5   | 11988 ||| INVOKING Finesse.
 11989 | Lair:5   | 11989 ||| Stepping ~*~*~tactically~*~*~ (outnumbered).
 12028 | Lair:5   | Found a staircase to the Slime Pits.
 12029 | Lair:5   | 12029 ||| INVOKING Heroism.
 12030 | Lair:5   | 12030 ||| INVOKING Finesse.
 12032 | Lair:5   | Received a gift from Okawaru
 12072 | Lair:5   | 12072 ||| INVOKING Heroism.
 12073 | Lair:5   | 12073 ||| INVOKING Finesse.
 12304 | Lair:5   | 12304 ||| PLANNING D:1-11
 12304 | Lair:5   | 12304 ||| UPGRADING to +2 helmet.
 12309 | Lair:5   | 12309 ||| DROPPING +6 ring of intelligence.
 12501 | D:10     | Entered Level 10 of the Dungeon
 12610 | D:10     | Noticed Lodul
 12614 | D:10     | Killed Lodul
 12623 | D:10     | Reached skill level 6 in Armour
 13109 | D:11     | Noticed Maurice
 13111 | D:11     | Killed Maurice
 13212 | D:11     | Found a hide-covered altar of Uskayaw.
 13215 | D:11     | 13215 ||| RETREATING.
 13216 | D:11     | 13216 ||| Stepping ~*~*~tactically~*~*~ (retreating).
 13217 | D:11     | 13217 ||| Stepping ~*~*~tactically~*~*~ (retreating).
 13218 | D:11     | 13218 ||| Stepping ~*~*~tactically~*~*~ (retreating).
 13219 | D:11     | 13219 ||| Stepping ~*~*~tactically~*~*~ (retreating).
 13220 | D:11     | 13220 ||| Stepping ~*~*~tactically~*~*~ (retreating).
 13228 | D:11     | 13228 ||| INVOKING Heroism.
 13251 | D:11     | Reached skill level 13 in Fighting
 13361 | D:11     | 13361 ||| INVOKING Heroism.
 13400 | D:11     | 13400 ||| INVOKING Heroism.
 13418 | D:11     | Identified the +5 ring mail "Uvylayk" {rF+ rC+}
 13982 | D:11     | 13982 ||| PLANNING D
 13982 | D:11     | 13982 ||| UPGRADING to +5 ring mail "Uvylayk" {rF+ rC+}.
 13992 | D:11     | 13992 ||| DROPPING +0 troll leather armour.
 14006 | D:12     | 14006 ||| INVOKING Heroism.
 14007 | D:12     | 14007 ||| STAIRDANCE
 14045 | D:12     | 14045 ||| STAIRDANCE
 14110 | D:12     | 14110 ||| STAIRDANCE
 14112 | D:11     | 14112 ||| INVOKING Heroism.
 14156 | D:12     | Reached XP level 15. HP: 98/98 MP: 22/22
 14218 | D:12     | 14218 ||| RETREATING.
 14223 | D:12     | 14223 ||| Stepping ~*~*~tactically~*~*~ (retreating).
 14226 | D:12     | 14226 ||| INVOKING Heroism.
 14333 | D:12     | 14333 ||| Stepping ~*~*~tactically~*~*~ (outnumbered).
 14334 | D:12     | 14334 ||| Stepping ~*~*~tactically~*~*~ (outnumbered).
 14414 | D:12     | Found a staircase to the Orcish Mines.
 14473 | D:12     | Noticed Nessos
 14475 | D:12     | Killed Nessos
 14633 | D:12     | 14633 ||| Stepping ~*~*~tactically~*~*~ (outnumbered).
 14635 | D:12     | 14635 ||| Stepping ~*~*~tactically~*~*~ (outnumbered).
 14637 | D:12     | 14637 ||| INVOKING Heroism.
 14639 | D:12     | 14639 ||| Stepping ~*~*~tactically~*~*~ (outnumbered).
 14965 | D:13     | 14965 ||| INVOKING Heroism.
 14991 | D:13     | Received a gift from Okawaru
 15440 | D:14     | 15440 ||| RETREATING.
 15448 | D:14     | Reached skill level 9 in Armour
 15637 | D:14     | 15637 ||| INVOKING Heroism.
 15666 | D:14     | Reached skill level 14 in Fighting
 15686 | D:14     | Found a gate to the Vaults.
 15864 | D:15     | Entered Level 15 of the Dungeon
 15902 | D:15     | Noticed Rupert
 15903 | D:15     | 15903 ||| INVOKING Heroism.
 15904 | D:15     | 15904 ||| INVOKING Finesse.
 15906 | D:15     | Killed Rupert
 16072 | D:15     | Found a bloodstained altar of Trog.
 16098 | D:15     | Received a gift from Okawaru
 16360 | D:15     | Noticed Roxanne
 16361 | D:15     | 16361 ||| INVOKING Heroism.
 16362 | D:15     | 16362 ||| INVOKING Finesse.
 16365 | D:15     | Killed Roxanne
 16366 | D:15     | Reached XP level 16. HP: 106/106 MP: 16/23
 16445 | D:15     | 16445 ||| INVOKING Heroism.
 16446 | D:15     | 16446 ||| INVOKING Finesse.
 16451 | D:15     | 16451 ||| RETREATING.
 16657 | D:15     | 16657 ||| FLEEEEING.
 16658 | D:15     | 16658 ||| FLEEEEING.
 16659 | D:15     | 16659 ||| FLEEEEING.
 16660 | D:15     | 16660 ||| FLEEEEING.
 16661 | D:15     | 16661 ||| FLEEEEING.
 16662 | D:15     | 16662 ||| FLEEEEING.
 16663 | D:15     | 16663 ||| FLEEEEING.
 16664 | D:15     | 16664 ||| FLEEEEING.
 16665 | D:15     | 16665 ||| FLEEEEING.
 16666 | D:15     | 16666 ||| FLEEEEING.
 16667 | D:15     | 16667 ||| FLEEEEING.
 16668 | D:15     | 16668 ||| FLEEEEING.
 16669 | D:15     | 16669 ||| FLEEEEING.
 16670 | D:15     | 16670 ||| FLEEEEING.
 16671 | D:15     | 16671 ||| FLEEEEING.
 16672 | D:15     | 16672 ||| FLEEEEING.
 16673 | D:15     | 16673 ||| FLEEEEING.
 16674 | D:15     | 16674 ||| FLEEEEING.
 16675 | D:15     | 16675 ||| FLEEEEING.
 16933 | D:15     | 16933 ||| FLEEEEING.
 16934 | D:15     | 16934 ||| FLEEEEING.
 16935 | D:15     | 16935 ||| FLEEEEING.
 16936 | D:15     | 16936 ||| FLEEEEING.
 16942 | D:15     | 16942 ||| FLEEEEING.
 16943 | D:15     | 16943 ||| FLEEEEING.
 16944 | D:15     | 16944 ||| FLEEEEING.
 17003 | D:15     | 17003 ||| INVOKING Heroism.
 17024 | D:15     | Found a staircase to the Depths.
 17026 | D:15     | 17026 ||| PLANNING ORC
 17151 | Orc:1    | Entered Level 1 of the Orcish Mines
 17153 | Orc:1    | 17153 ||| STAIRDANCE
 17158 | Orc:1    | 17158 ||| STAIRDANCE
 17165 | Orc:1    | 17165 ||| STAIRDANCE
 17202 | Orc:2    | Entered Level 2 of the Orcish Mines
 17202 | Orc:2    | Noticed Snorg
 17204 | Orc:2    | 17204 ||| STAIRDANCE
 17217 | Orc:2    | 17217 ||| Stepping ~*~*~tactically~*~*~ (retreating).
 17218 | Orc:2    | 17218 ||| Stepping ~*~*~tactically~*~*~ (retreating).
 17219 | Orc:2    | 17219 ||| Stepping ~*~*~tactically~*~*~ (retreating).
 17220 | Orc:2    | 17220 ||| Stepping ~*~*~tactically~*~*~ (retreating).
 17221 | Orc:2    | 17221 ||| Stepping ~*~*~tactically~*~*~ (retreating).
 17222 | Orc:2    | 17222 ||| Stepping ~*~*~tactically~*~*~ (retreating).
 17223 | Orc:2    | 17223 ||| INVOKING Heroism.
 17224 | Orc:2    | 17224 ||| Stepping ~*~*~tactically~*~*~ (retreating).
 17226 | Orc:2    | Killed Snorg
 17229 | Orc:2    | Reached skill level 21 in Ranged Weapons
 17456 | Orc:1    | 17456 ||| INVOKING Heroism.
 17458 | Orc:1    | Noticed Urug
 17459 | Orc:1    | 17459 ||| Stepping ~*~*~tactically~*~*~ (retreating).
 17460 | Orc:1    | 17460 ||| Stepping ~*~*~tactically~*~*~ (retreating).
 17461 | Orc:1    | 17461 ||| Stepping ~*~*~tactically~*~*~ (retreating).
 17462 | Orc:1    | 17462 ||| INVOKING Finesse.
 17463 | Orc:1    | 17463 ||| Stepping ~*~*~tactically~*~*~ (outnumbered).
 17464 | Orc:1    | 17464 ||| Stepping ~*~*~tactically~*~*~ (outnumbered).
 17470 | Orc:1    | Killed Urug
 17719 | Orc:1    | Noticed Josephine
 17722 | Orc:1    | Killed Josephine
 17726 | Orc:1    | Noticed Fannar
 17728 | Orc:1    | Killed Fannar
 17901 | Orc:1    | 17901 ||| INVOKING Heroism.
 17904 | Orc:1    | 17904 ||| Stepping ~*~*~tactically~*~*~ (retreating).
 17964 | Orc:1    | 17964 ||| RETREATING.
 17967 | Orc:1    | 17967 ||| RETREATING.
 17971 | Orc:1    | Identified the +1 pair of gloves of Jyehenaa {Will+ Int+5}
                  | (Okawaru gifted it to you on level 1 of the Orcish Mines)
 17971 | Orc:1    | Received a gift from Okawaru
 17973 | Orc:1    | 17973 ||| INVOKING Heroism.
 18067 | Orc:1    | 18067 ||| UPGRADING to +1 pair of gloves of Jyehenaa {Will+
                  | Int+5}.
 18077 | Orc:1    | 18077 ||| DROPPING +1 pair of gloves.
 18136 | Orc:2    | 18136 ||| FLEEEEING.
 18137 | Orc:2    | 18137 ||| FLEEEEING.
 18138 | Orc:2    | 18138 ||| FLEEEEING.
 18139 | Orc:2    | 18139 ||| FLEEEEING.
 18140 | Orc:2    | 18140 ||| FLEEEEING.
 18141 | Orc:2    | 18141 ||| FLEEEEING.
 18240 | Orc:2    | Found Varr's Armour Shop.
 18241 | Orc:2    | 18241 ||| INVOKING Heroism.
 18260 | Orc:2    | Found Unante's Armour Boutique.
 18267 | Orc:2    | Reached skill level 15 in Fighting
 18297 | Orc:2    | 18297 ||| BUYING +2 helmet of see invisible (301 gold).
 18297 | Orc:2    | Bought a +2 helmet of see invisible for 301 gold pieces
 18297 | Orc:2    | 18297 ||| BUYING +4 leather armour of the Amoeba {rPois rF-
                  | Regen+ rCorr} (445 gold).
 18297 | Orc:2    | Bought the +4 leather armour of the Amoeba {rPois rF-
                  | Regen+ rCorr} for 445 gold pieces
 18297 | Orc:2    | 18297 ||| BUYING +5 robe "Nuroc" {Int+3 Dex+3} (634 gold).
 18297 | Orc:2    | Bought the +5 robe "Nuroc" {Int+3 Dex+3} for 634 gold
                  | pieces
 18302 | Orc:2    | 18302 ||| INVOKING Heroism.
 18348 | Orc:2    | 18348 ||| Stepping ~*~*~tactically~*~*~ (outnumbered).
 18434 | Orc:2    | 18434 ||| Stepping ~*~*~tactically~*~*~ (retreating).
 18435 | Orc:2    | 18435 ||| INVOKING Heroism.
 18439 | Orc:2    | 18439 ||| RETREATING.
 18697 | Orc:2    | 18697 ||| FLEEEEING.
 18703 | Orc:2    | 18703 ||| FLEEEEING.
 18708 | Orc:2    | 18708 ||| Stepping ~*~*~tactically~*~*~ (outnumbered).
 18710 | Orc:2    | 18710 ||| INVOKING Heroism.
 18712 | Orc:2    | 18712 ||| Stepping ~*~*~tactically~*~*~ (retreating).
 18713 | Orc:2    | 18713 ||| Stepping ~*~*~tactically~*~*~ (retreating).
 18762 | Orc:2    | 18762 ||| INVOKING Heroism.
 18960 | Orc:2    | Found a staircase to the Elven Halls.
 19027 | Orc:2    | 19027 ||| Stepping ~*~*~tactically~*~*~ (outnumbered).
 19028 | Orc:2    | 19028 ||| INVOKING Heroism.
 19101 | Orc:2    | 19101 ||| INVOKING Heroism.
 19138 | Orc:2    | 19138 ||| INVOKING Heroism.
 19188 | Orc:2    | Found Ciots's Magic Scroll Boutique.
 19199 | Orc:2    | 19199 ||| BUYING scroll of enchant armour (75 gold).
 19199 | Orc:2    | Bought a scroll of enchant armour for 75 gold pieces
 19199 | Orc:2    | 19199 ||| BUYING scroll of teleportation (30 gold).
 19199 | Orc:2    | Bought a scroll of teleportation for 30 gold pieces
 19199 | Orc:2    | 19199 ||| BUYING scroll of teleportation (30 gold).
 19199 | Orc:2    | Bought a scroll of teleportation for 30 gold pieces
 19199 | Orc:2    | 19199 ||| READING scroll of enchant armour.
 19199 | Orc:2    | 19199 ||| ENCHANTING +0 pair of boots.
 19221 | Orc:2    | Found Ocynopy's Weapon Emporium.
 19223 | Orc:2    | 19223 ||| INVOKING Heroism.
 19225 | Orc:2    | 19225 ||| RETREATING.
 19238 | Orc:2    | 19238 ||| INVOKING Heroism.
 19239 | Orc:2    | 19239 ||| RETREATING.
 19363 | Orc:2    | 19363 ||| PLANNING SHOALS:1-3
 19363 | Orc:2    | 19363 ||| READING scroll labelled NEUSTAIZIN.
 19657 | Shoals:1 | Entered Level 1 of the Shoals
 19658 | Shoals:1 | 19658 ||| INVOKING Heroism.
 19661 | Shoals:1 | 19661 ||| STAIRDANCE
 19680 | Shoals:1 | 19680 ||| STAIRDANCE
 19685 | Shoals:1 | 19685 ||| STAIRDANCE
 19797 | Shoals:1 | 19797 ||| INVOKING Heroism.
 19845 | Shoals:1 | Identified the +6 quarterstaff of the Orange Skies {vamp,
                  | Int+5}
 19849 | Shoals:1 | 19849 ||| RETREATING.
 19988 | Shoals:1 | Reached XP level 17. HP: 113/113 MP: 24/24
 19989 | Shoals:1 | 19989 ||| READING scroll of enchant armour.
 19989 | Shoals:1 | 19989 ||| ENCHANTING +1 pair of boots.
 20272 | Shoals:1 | 20272 ||| RETREATING.
 20273 | Shoals:1 | 20273 ||| Stepping ~*~*~tactically~*~*~ (retreating).
 20274 | Shoals:1 | 20274 ||| Stepping ~*~*~tactically~*~*~ (retreating).
 20275 | Shoals:1 | 20275 ||| Stepping ~*~*~tactically~*~*~ (retreating).
 20276 | Shoals:1 | 20276 ||| Stepping ~*~*~tactically~*~*~ (retreating).
 20277 | Shoals:1 | 20277 ||| Stepping ~*~*~tactically~*~*~ (retreating).
 20322 | Shoals:1 | 20322 ||| INVOKING Heroism.
 20407 | Shoals:1 | 20407 ||| INVOKING Heroism.
 20729 | Shoals:2 | 20729 ||| INVOKING Heroism.
 20756 | Shoals:2 | Reached skill level 9 in Dodging
 21342 | Shoals:3 | 21342 ||| Stepping ~*~*~tactically~*~*~ (outnumbered).
 21365 | Shoals:3 | 21365 ||| INVOKING Heroism.
 21518 | Shoals:3 | 21518 ||| INVOKING Heroism.
 21562 | Shoals:3 | Found Hoex's Book Shop.
 21602 | Shoals:3 | 21602 ||| INVOKING Heroism.
 21613 | Shoals:3 | 21613 ||| DROPPING ring of magical power.
 21632 | Shoals:3 | Reached skill level 16 in Fighting
 22049 | Shoals:3 | 22049 ||| PLANNING SNAKE:1-3
 22147 | Snake:1  | Entered Level 1 of the Snake Pit
 22148 | Snake:1  | 22148 ||| STAIRDANCE
 22150 | Lair:2   | 22150 ||| INVOKING Heroism.
 22235 | Snake:1  | 22235 ||| STAIRDANCE
 22270 | Snake:1  | 22270 ||| STAIRDANCE
 22272 | Lair:2   | 22272 ||| INVOKING Heroism.
 22321 | Snake:1  | 22321 ||| STAIRDANCE
 22408 | Snake:1  | 22408 ||| STAIRDANCE
 22414 | Snake:1  | 22414 ||| STAIRDANCE
 22420 | Snake:1  | 22420 ||| INVOKING Heroism.
 22578 | Snake:1  | Noticed Aizul
 22579 | Snake:1  | 22579 ||| INVOKING Heroism.
 22581 | Snake:1  | 22581 ||| Stepping ~*~*~tactically~*~*~ (retreating).
 22584 | Snake:1  | 22584 ||| Stepping ~*~*~tactically~*~*~ (retreating).
 22585 | Snake:1  | 22585 ||| Stepping ~*~*~tactically~*~*~ (retreating).
 22586 | Snake:1  | 22586 ||| Stepping ~*~*~tactically~*~*~ (retreating).
 22587 | Snake:1  | Killed Aizul
 22630 | Snake:1  | 22630 ||| INVOKING Heroism.
 22677 | Snake:1  | 22677 ||| Stepping ~*~*~tactically~*~*~ (outnumbered).
 22680 | Snake:1  | 22680 ||| Stepping ~*~*~tactically~*~*~ (outnumbered).
 22683 | Snake:1  | 22683 ||| INVOKING Heroism.
 22736 | Snake:1  | Reached skill level 17 in Fighting
 22736 | Snake:1  | 22736 ||| RETREATING.
 22737 | Snake:1  | 22737 ||| Stepping ~*~*~tactically~*~*~ (retreating).
 23246 | Snake:2  | Found Poukkoam's Assorted Antiques.
 23253 | Snake:2  | 23253 ||| BUYING potion of haste (370 gold).
 23253 | Snake:2  | Bought a potion of haste for 370 gold pieces
 23261 | Snake:2  | Noticed Saint Roka
 23262 | Snake:2  | 23262 ||| FLEEEEING.
 23279 | Snake:2  | 23279 ||| INVOKING Heroism.
 23282 | Snake:2  | Killed Saint Roka
 23301 | Snake:2  | 23301 ||| FLEEEEING.
 23302 | Snake:2  | 23302 ||| FLEEEEING.
 23303 | Snake:2  | 23303 ||| FLEEEEING.
 23304 | Snake:2  | 23304 ||| FLEEEEING.
 23305 | Snake:2  | 23305 ||| FLEEEEING.
 23306 | Snake:2  | 23306 ||| FLEEEEING.
 23307 | Snake:2  | 23307 ||| FLEEEEING.
 23309 | Snake:2  | 23309 ||| STAIRDANCE
 23476 | Snake:2  | 23476 ||| Stepping ~*~*~tactically~*~*~ (outnumbered).
 23487 | Snake:2  | 23487 ||| INVOKING Heroism.
 23666 | Snake:2  | 23666 ||| FLEEEEING.
 23668 | Snake:2  | 23668 ||| RETREATING.
 23673 | Snake:2  | 23673 ||| Stepping ~*~*~tactically~*~*~ (retreating).
 23674 | Snake:2  | 23674 ||| Stepping ~*~*~tactically~*~*~ (retreating).
 23675 | Snake:2  | 23675 ||| Stepping ~*~*~tactically~*~*~ (retreating).
 23676 | Snake:2  | 23676 ||| Stepping ~*~*~tactically~*~*~ (retreating).
 23677 | Snake:2  | 23677 ||| INVOKING Heroism.
 23678 | Snake:2  | 23678 ||| Stepping ~*~*~tactically~*~*~ (outnumbered).
 23679 | Snake:2  | 23679 ||| Stepping ~*~*~tactically~*~*~ (retreating).
 23685 | Snake:2  | HP: 27/119 [shock serpent (3)]
 23685 | Snake:2  | HP: 9/119 [naga sharpshooter/arrow (18)]
 23686 | Snake:2  | 23686 ||| READING 12 scrolls of teleportation.
 23686 | Snake:2  | HP: 3/119 [naga/+0 trident (6)]
 23687 | Snake:2  | 23687 ||| DRINKING 6 potions of heal wounds.
 23942 | Snake:2  | 23942 ||| Stepping ~*~*~tactically~*~*~ (outnumbered).
 23943 | Snake:2  | 23943 ||| Stepping ~*~*~tactically~*~*~ (outnumbered).
 23945 | Snake:2  | 23945 ||| Stepping ~*~*~tactically~*~*~ (outnumbered).
 24004 | Snake:2  | 24004 ||| INVOKING Heroism.
 24005 | Snake:2  | 24005 ||| Stepping ~*~*~tactically~*~*~ (outnumbered).
 24008 | Snake:2  | 24008 ||| Stepping ~*~*~tactically~*~*~ (outnumbered).
 24014 | Snake:2  | Reached skill level 18 in Fighting
 24017 | Snake:2  | Reached XP level 18. HP: 125/125 MP: 25/25
 24036 | Snake:2  | Found an iron altar of Okawaru.
 24094 | Snake:2  | Found Qaonest's Weapon Shop.
 24096 | Snake:2  | Found Gaepuv's Distillery.
 24098 | Snake:2  | Found Hida's General Store.
 24104 | Snake:2  | 24104 ||| BUYING 2 potions of might (128 gold).
 24104 | Snake:2  | Bought 2 potions of might for 128 gold pieces
 24104 | Snake:2  | 24104 ||| BUYING potion of cancellation (128 gold).
 24104 | Snake:2  | Bought a potion of cancellation for 128 gold pieces
 24104 | Snake:2  | 24104 ||| BUYING potion of cancellation (128 gold).
 24104 | Snake:2  | Bought a potion of cancellation for 128 gold pieces
 24104 | Snake:2  | 24104 ||| BUYING potion of curing (48 gold).
 24104 | Snake:2  | Bought a potion of curing for 48 gold pieces
 24104 | Snake:2  | 24104 ||| BUYING potion of magic (128 gold).
 24104 | Snake:2  | Bought a potion of magic for 128 gold pieces
 24265 | Snake:3  | 24265 ||| INVOKING Heroism.
 24309 | Snake:3  | Found Mupopix's Magic Scroll Shoppe.
 24317 | Snake:3  | 24317 ||| BUYING 2 scrolls of teleportation (102 gold).
 24317 | Snake:3  | Bought 2 scrolls of teleportation for 102 gold pieces
 24317 | Snake:3  | 24317 ||| BUYING scroll of teleportation (51 gold).
 24317 | Snake:3  | Bought a scroll of teleportation for 51 gold pieces
 24317 | Snake:3  | 24317 ||| BUYING scroll of teleportation (51 gold).
 24317 | Snake:3  | Bought a scroll of teleportation for 51 gold pieces
 24331 | Snake:3  | 24331 ||| INVOKING Heroism.
 24374 | Snake:3  | 24374 ||| FLEEEEING.
 24442 | Snake:3  | 24442 ||| RETREATING.
 24470 | Snake:3  | Identified the +5 long sword of Buizo {heavy, Str+3}
 24481 | Snake:3  | 24481 ||| Stepping ~*~*~tactically~*~*~ (outnumbered).
 24483 | Snake:3  | 24483 ||| INVOKING Heroism.
 24486 | Snake:3  | 24486 ||| RETREATING.
 24491 | Snake:3  | 24491 ||| Stepping ~*~*~tactically~*~*~ (outnumbered).
 24494 | Snake:3  | 24494 ||| Stepping ~*~*~tactically~*~*~ (outnumbered).
 24784 | Snake:3  | 24784 ||| Stepping ~*~*~tactically~*~*~ (outnumbered).
 24813 | Snake:3  | Reached skill level 12 in Armour
 24937 | Snake:3  | 24937 ||| PLANNING SHOALS:4
 25104 | Shoals:4 | Entered Level 4 of the Shoals
 25105 | Shoals:4 | 25105 ||| INVOKING Heroism.
 25106 | Shoals:4 | 25106 ||| INVOKING Finesse.
 25108 | Shoals:4 | Noticed Louise
 25109 | Shoals:4 | 25109 ||| RETREATING.
 25112 | Shoals:4 | Killed Louise
 25120 | Shoals:4 | Identified the +5 ring mail "Hueg" {Harm rPois rF- Int+5}
                  | (Okawaru gifted it to you on level 4 of the Shoals)
 25120 | Shoals:4 | Received a gift from Okawaru
 25165 | Shoals:4 | Noticed Bai Suzhen
 25166 | Shoals:4 | 25166 ||| INVOKING Heroism.
 25167 | Shoals:4 | 25167 ||| INVOKING Finesse.
 25172 | Shoals:4 | Killed Bai Suzhen
 25357 | Shoals:4 | 25357 ||| INVOKING Heroism.
 25359 | Shoals:4 | Identified the +0 buckler of Cetsiapt {-Cast +Blink rCorr
                  | Str+4}
 25361 | Shoals:4 | 25361 ||| Stepping ~*~*~tactically~*~*~ (outnumbered).
 25375 | Shoals:4 | Reached skill level 19 in Fighting
 25463 | Shoals:4 | 25463 ||| INVOKING Heroism.
 25478 | Shoals:4 | Found a glowing golden altar of the Shining One.
 25514 | Shoals:4 | 25514 ||| RETREATING.
 25529 | Shoals:4 | 25529 ||| INVOKING Heroism.
 25590 | Shoals:4 | 25590 ||| INVOKING Heroism.
 25595 | Shoals:4 | 25595 ||| RETREATING.
 25597 | Shoals:4 | Noticed Polyphemus
 25600 | Shoals:4 | 25600 ||| Stepping ~*~*~tactically~*~*~ (outnumbered).
 25607 | Shoals:4 | Killed Polyphemus
 25718 | Shoals:4 | Found a white marble altar of Elyvilon.
 25719 | Shoals:4 | 25719 ||| INVOKING Heroism.
 25720 | Shoals:4 | 25720 ||| RETREATING.
 25723 | Shoals:4 | 25723 ||| Stepping ~*~*~tactically~*~*~ (outnumbered).
 25724 | Shoals:4 | 25724 ||| Stepping ~*~*~tactically~*~*~ (outnumbered).
 25892 | Shoals:4 | Found a glowing silver altar of Zin.
 25894 | Shoals:4 | 25894 ||| Stepping ~*~*~tactically~*~*~ (outnumbered).
 25896 | Shoals:4 | 25896 ||| Stepping ~*~*~tactically~*~*~ (outnumbered).
 25898 | Shoals:4 | 25898 ||| Stepping ~*~*~tactically~*~*~ (outnumbered).
 25899 | Shoals:4 | 25899 ||| Stepping ~*~*~tactically~*~*~ (outnumbered).
 25900 | Shoals:4 | 25900 ||| RETREATING.
 25906 | Shoals:4 | 25906 ||| INVOKING Heroism.
 26118 | Shoals:4 | Got a barnacled rune of Zot
 26283 | Shoals:4 | 26283 ||| PLANNING VAULTS:1-4
 26283 | Shoals:4 | 26283 ||| DROPPING +5 ring mail "Hueg" {Harm rPois rF-
                  | Int+5}.
 26284 | Shoals:4 | 26284 ||| UPGRADING to amulet of reflection.
 26294 | Shoals:4 | 26294 ||| DROPPING amulet of the acrobat.
 26295 | Shoals:4 | 26295 ||| UPGRADING to ring of protection from fire.
 26297 | Shoals:4 | 26297 ||| UPGRADING to ring of willpower.
 26626 | Vaults:1 | Entered Level 1 of the Vaults
 26628 | Vaults:1 | 26628 ||| STAIRDANCE
 26652 | Vaults:1 | Received a gift from Okawaru
 26683 | Vaults:1 | Reached XP level 19. HP: 104/132 MP: 26/26
 26684 | Vaults:1 | 26684 ||| FLEEEEING.
 26685 | Vaults:1 | 26685 ||| FLEEEEING.
 26686 | Vaults:1 | 26686 ||| FLEEEEING.
 26687 | Vaults:1 | 26687 ||| FLEEEEING.
 26688 | Vaults:1 | 26688 ||| STAIRDANCE
 26842 | Vaults:1 | 26842 ||| Stepping ~*~*~tactically~*~*~ (outnumbered).
 26843 | Vaults:1 | 26843 ||| Stepping ~*~*~tactically~*~*~ (outnumbered).
 26845 | Vaults:1 | 26845 ||| Stepping ~*~*~tactically~*~*~ (outnumbered).
 26944 | Vaults:1 | 26944 ||| Stepping ~*~*~tactically~*~*~ (retreating).
 26945 | Vaults:1 | 26945 ||| Stepping ~*~*~tactically~*~*~ (retreating).
 26946 | Vaults:1 | 26946 ||| Stepping ~*~*~tactically~*~*~ (retreating).
 26947 | Vaults:1 | 26947 ||| Stepping ~*~*~tactically~*~*~ (retreating).
 26948 | Vaults:1 | 26948 ||| Stepping ~*~*~tactically~*~*~ (retreating).
 26949 | Vaults:1 | 26949 ||| Stepping ~*~*~tactically~*~*~ (retreating).
 26950 | Vaults:1 | 26950 ||| Stepping ~*~*~tactically~*~*~ (retreating).
 27004 | Vaults:1 | 27004 ||| FLEEEEING.
 27006 | Vaults:1 | 27006 ||| FLEEEEING.
 27011 | Vaults:1 | 27011 ||| FLEEEEING.
 27012 | Vaults:1 | 27012 ||| FLEEEEING.
 27013 | Vaults:1 | 27013 ||| FLEEEEING.
 27014 | Vaults:1 | 27014 ||| FLEEEEING.
 27015 | Vaults:1 | 27015 ||| FLEEEEING.
 27016 | Vaults:1 | 27016 ||| FLEEEEING.
 27017 | Vaults:1 | 27017 ||| FLEEEEING.
 27067 | Vaults:1 | 27067 ||| Stepping ~*~*~tactically~*~*~ (retreating).
 27068 | Vaults:1 | 27068 ||| Stepping ~*~*~tactically~*~*~ (retreating).
 27069 | Vaults:1 | 27069 ||| Stepping ~*~*~tactically~*~*~ (retreating).
 27106 | Vaults:1 | Noticed Donald
 27107 | Vaults:1 | 27107 ||| INVOKING Heroism.
 27108 | Vaults:1 | 27108 ||| INVOKING Finesse.
 27110 | Vaults:1 | Killed Donald
 27156 | Vaults:1 | 27156 ||| INVOKING Heroism.
 27156 | Vaults:1 | Noticed an ancient lich
 27159 | Vaults:1 | Reached skill level 20 in Fighting
 27167 | Vaults:1 | Killed an ancient lich
 27195 | Vaults:1 | Identified the +2 helmet of the Heavens {Slay+2}
 27299 | Vaults:1 | 27299 ||| RETREATING.
 27305 | Vaults:1 | 27305 ||| Stepping ~*~*~tactically~*~*~ (retreating).
 27308 | Vaults:1 | 27308 ||| Stepping ~*~*~tactically~*~*~ (retreating).
 27309 | Vaults:1 | 27309 ||| Stepping ~*~*~tactically~*~*~ (retreating).
 27310 | Vaults:1 | 27310 ||| Stepping ~*~*~tactically~*~*~ (retreating).
 27312 | Vaults:1 | 27312 ||| INVOKING Heroism.
 27560 | Vaults:1 | 27560 ||| RETREATING.
 27566 | Vaults:1 | 27566 ||| INVOKING Heroism.
 27567 | Vaults:1 | 27567 ||| Stepping ~*~*~tactically~*~*~ (retreating).
 27568 | Vaults:1 | 27568 ||| Stepping ~*~*~tactically~*~*~ (retreating).
 27571 | Vaults:1 | 27571 ||| Stepping ~*~*~tactically~*~*~ (retreating).
 27572 | Vaults:1 | 27572 ||| Stepping ~*~*~tactically~*~*~ (retreating).
 27574 | Vaults:1 | 27574 ||| Stepping ~*~*~tactically~*~*~ (outnumbered).
 27577 | Vaults:1 | HP: 21/136 [yaktaur captain/bolt (17)]
 27578 | Vaults:1 | 27578 ||| READING 15 scrolls of teleportation.
 27579 | Vaults:1 | 27579 ||| DRINKING 5 potions of heal wounds.
 27660 | Vaults:1 | 27660 ||| INVOKING Heroism.
 27694 | Vaults:1 | 27694 ||| FLEEEEING.
 27695 | Vaults:1 | 27695 ||| FLEEEEING.
 27696 | Vaults:1 | 27696 ||| FLEEEEING.
 27697 | Vaults:1 | 27697 ||| FLEEEEING.
 27822 | Vaults:1 | 27822 ||| FLEEEEING.
 27823 | Vaults:1 | 27823 ||| FLEEEEING.
 28005 | Vaults:1 | Reached skill level 21 in Fighting
 28031 | Vaults:1 | 28031 ||| RETREATING.
 28115 | Vaults:1 | 28115 ||| Stepping ~*~*~tactically~*~*~ (retreating).
 28125 | Vaults:1 | 28125 ||| INVOKING Heroism.
 28133 | Vaults:1 | HP: 31/137 [deep troll[an ironbound preserver] (4)]
 28134 | Vaults:1 | 28134 ||| READING 14 scrolls of teleportation.
 28135 | Vaults:1 | 28135 ||| DRINKING 4 potions of heal wounds.
 28136 | Vaults:1 | 28136 ||| DRINKING 3 potions of heal wounds.
 28140 | Vaults:1 | 28140 ||| FLEEEEING.
 28142 | Vaults:1 | 28142 ||| FLEEEEING.
 28143 | Vaults:1 | 28143 ||| FLEEEEING.
 28144 | Vaults:1 | 28144 ||| FLEEEEING.
 28145 | Vaults:1 | 28145 ||| FLEEEEING.
 28146 | Vaults:1 | 28146 ||| FLEEEEING.
 28147 | Vaults:1 | 28147 ||| RETREATING.
 28148 | Vaults:1 | 28148 ||| Stepping ~*~*~tactically~*~*~ (retreating).
 28149 | Vaults:1 | 28149 ||| Stepping ~*~*~tactically~*~*~ (retreating).
 28150 | Vaults:1 | 28150 ||| Stepping ~*~*~tactically~*~*~ (retreating).
 28151 | Vaults:1 | 28151 ||| INVOKING Heroism.
 28152 | Vaults:1 | 28152 ||| Stepping ~*~*~tactically~*~*~ (retreating).
 28157 | Vaults:1 | HP: 31/137 [deep troll[an ironbound preserver] (8)]
 28158 | Vaults:1 | 28158 ||| READING 13 scrolls of teleportation.
 28159 | Vaults:1 | 28159 ||| DRINKING 2 potions of heal wounds.
 28459 | Vaults:1 | Received a gift from Okawaru
 28542 | Vaults:1 | 28542 ||| UPGRADING to +2 helmet of the Heavens {Slay+2}.
 28552 | Vaults:1 | 28552 ||| DROPPING +2 helmet.
 28574 | Vaults:2 | 28574 ||| Stepping ~*~*~tactically~*~*~ (outnumbered).
 28576 | Vaults:2 | 28576 ||| Stepping ~*~*~tactically~*~*~ (outnumbered).
 28578 | Vaults:2 | 28578 ||| Stepping ~*~*~tactically~*~*~ (outnumbered).
 28872 | Vaults:2 | 28872 ||| RETREATING.
 28957 | Vaults:2 | 28957 ||| RETREATING.
 28960 | Vaults:2 | Reached skill level 12 in Dodging
 29158 | Vaults:2 | Reached XP level 20. HP: 106/144 MP: 27/27
 29255 | Vaults:2 | 29255 ||| Stepping ~*~*~tactically~*~*~ (outnumbered).
 29256 | Vaults:2 | 29256 ||| Stepping ~*~*~tactically~*~*~ (outnumbered).
 29415 | Vaults:2 | 29415 ||| READING scroll of enchant armour.
 29415 | Vaults:2 | 29415 ||| ENCHANTING +0 cloak.
 29420 | Vaults:2 | 29420 ||| FLEEEEING.
 29477 | Vaults:2 | Found a staircase to the Crypt.
 29504 | Vaults:2 | 29504 ||| INVOKING Finesse.
 29620 | Vaults:2 | 29620 ||| Stepping ~*~*~tactically~*~*~ (outnumbered).
 29631 | Vaults:2 | 29631 ||| Stepping ~*~*~tactically~*~*~ (retreating).
 29641 | Vaults:2 | Reached ****** piety under Okawaru
 29765 | Vaults:2 | Received a gift from Okawaru
 29784 | Vaults:2 | Reached skill level 22 in Fighting
 29800 | Vaults:2 | 29800 ||| Stepping ~*~*~tactically~*~*~ (retreating).
 29908 | Vaults:2 | 29908 ||| READING scroll labelled KUVIOT YLA PAI.
 29968 | Vaults:3 | 29968 ||| READING scroll of acquirement.
 29968 | Vaults:3 | 29968 ||| ACQUIRING -1 cloak of the Skiapode {Dex+3}
 29968 | Vaults:3 | Acquired the -1 cloak of the Skiapode {Dex+3}
 29970 | Vaults:3 | 29970 ||| UPGRADING to -1 cloak of the Skiapode {Dex+3}.
 29980 | Vaults:3 | 29980 ||| DROPPING +1 cloak.
 30227 | Vaults:3 | 30227 ||| RETREATING.
 30271 | Vaults:3 | 30271 ||| RETREATING.
 30379 | Vaults:3 | 30379 ||| FLEEEEING.
 30380 | Vaults:3 | 30380 ||| FLEEEEING.
 30381 | Vaults:3 | 30381 ||| FLEEEEING.
 30382 | Vaults:3 | 30382 ||| FLEEEEING.
 30383 | Vaults:3 | 30383 ||| FLEEEEING.
 30389 | Vaults:3 | 30389 ||| FLEEEEING.
 30390 | Vaults:3 | 30390 ||| FLEEEEING.
 30391 | Vaults:3 | 30391 ||| FLEEEEING.
 30392 | Vaults:3 | 30392 ||| FLEEEEING.
 30393 | Vaults:3 | 30393 ||| FLEEEEING.
 30394 | Vaults:3 | 30394 ||| FLEEEEING.
 30395 | Vaults:3 | 30395 ||| FLEEEEING.
 30396 | Vaults:3 | 30396 ||| FLEEEEING.
 30397 | Vaults:3 | 30397 ||| FLEEEEING.
 30401 | Vaults:3 | 30401 ||| STAIRDANCE
 30696 | Vaults:3 | Received a gift from Okawaru
 31366 | Vaults:4 | 31366 ||| Stepping ~*~*~tactically~*~*~ (outnumbered).
 31368 | Vaults:4 | 31368 ||| Stepping ~*~*~tactically~*~*~ (outnumbered).
 31370 | Vaults:4 | 31370 ||| Stepping ~*~*~tactically~*~*~ (outnumbered).
 31538 | Vaults:4 | 31538 ||| Stepping ~*~*~tactically~*~*~ (retreating).
 31539 | Vaults:4 | 31539 ||| Stepping ~*~*~tactically~*~*~ (retreating).
 31540 | Vaults:4 | 31540 ||| Stepping ~*~*~tactically~*~*~ (retreating).
 31541 | Vaults:4 | 31541 ||| Stepping ~*~*~tactically~*~*~ (retreating).
 31542 | Vaults:4 | 31542 ||| Stepping ~*~*~tactically~*~*~ (retreating).
 31543 | Vaults:4 | 31543 ||| Stepping ~*~*~tactically~*~*~ (retreating).
 31544 | Vaults:4 | 31544 ||| Stepping ~*~*~tactically~*~*~ (retreating).
 31545 | Vaults:4 | 31545 ||| Stepping ~*~*~tactically~*~*~ (retreating).
 31546 | Vaults:4 | 31546 ||| Stepping ~*~*~tactically~*~*~ (retreating).
 31550 | Vaults:4 | 31550 ||| INVOKING Heroism.
 31751 | Vaults:4 | 31751 ||| RETREATING.
 31755 | Vaults:4 | 31755 ||| Stepping ~*~*~tactically~*~*~ (retreating).
 31761 | Vaults:4 | Reached skill level 15 in Armour
 31893 | Vaults:4 | 31893 ||| RETREATING.
 31901 | Vaults:4 | 31901 ||| INVOKING Heroism.
 31906 | Vaults:4 | HP: 28/145 [yaktaur captain (23)]
 31907 | Vaults:4 | 31907 ||| READING 14 scrolls of teleportation.
 31908 | Vaults:4 | 31908 ||| DRINKING 2 potions of heal wounds.
 31910 | Vaults:4 | 31910 ||| DRINKING potion of heal wounds.
 31990 | Vaults:4 | 31990 ||| FLEEEEING.
 31991 | Vaults:4 | 31991 ||| FLEEEEING.
 31992 | Vaults:4 | 31992 ||| FLEEEEING.
 31993 | Vaults:4 | 31993 ||| FLEEEEING.
 31994 | Vaults:4 | 31994 ||| FLEEEEING.
 32296 | Vaults:4 | Identified the +4 chain mail "Vyliromu" {rN+ Dex+2 Slay+2}
 32356 | Vaults:4 | 32356 ||| Stepping ~*~*~tactically~*~*~ (retreating).
 32358 | Vaults:4 | 32358 ||| RETREATING.
 32362 | Vaults:4 | 32362 ||| Stepping ~*~*~tactically~*~*~ (retreating).
 32382 | Vaults:4 | 32382 ||| INVOKING Heroism.
 32389 | Vaults:4 | 32389 ||| INVOKING Heroism.
 32893 | Vaults:4 | 32893 ||| PLANNING SNAKE:4
 33404 | Snake:4  | Entered Level 4 of the Snake Pit
 33476 | Snake:4  | Noticed Mara
 33477 | Snake:4  | 33477 ||| RETREATING.
 33480 | Snake:4  | 33480 ||| Stepping ~*~*~tactically~*~*~ (retreating).
 33481 | Snake:4  | 33481 ||| Stepping ~*~*~tactically~*~*~ (retreating).
 33484 | Snake:4  | 33484 ||| INVOKING Heroism.
 33485 | Snake:4  | 33485 ||| INVOKING Finesse.
 33490 | Snake:4  | Reached skill level 23 in Fighting
 33490 | Snake:4  | Reached XP level 21. HP: 136/153 MP: 14/28
 33490 | Snake:4  | Noticed qw's illusion
 33502 | Snake:4  | Noticed qw's illusion
 33508 | Snake:4  | Received a gift from Okawaru
 33509 | Snake:4  | Noticed qw's illusion
 33509 | Snake:4  | 33509 ||| Stepping ~*~*~tactically~*~*~ (retreating).
 33510 | Snake:4  | 33510 ||| Stepping ~*~*~tactically~*~*~ (retreating).
 33514 | Snake:4  | 33514 ||| RETREATING.
 33515 | Snake:4  | 33515 ||| INVOKING Finesse.
 33518 | Snake:4  | 33518 ||| INVOKING Heroism.
 33525 | Snake:4  | 33525 ||| Stepping ~*~*~tactically~*~*~ (retreating).
 33526 | Snake:4  | Noticed qw's illusion
 33526 | Snake:4  | 33526 ||| Stepping ~*~*~tactically~*~*~ (retreating).
 33529 | Snake:4  | 33529 ||| Stepping ~*~*~tactically~*~*~ (outnumbered).
 33530 | Snake:4  | 33530 ||| RETREATING.
 33533 | Snake:4  | 33533 ||| Stepping ~*~*~tactically~*~*~ (retreating).
 33534 | Snake:4  | 33534 ||| Stepping ~*~*~tactically~*~*~ (retreating).
 33535 | Snake:4  | 33535 ||| Stepping ~*~*~tactically~*~*~ (retreating).
 33536 | Snake:4  | 33536 ||| Stepping ~*~*~tactically~*~*~ (retreating).
 33537 | Snake:4  | 33537 ||| Stepping ~*~*~tactically~*~*~ (retreating).
 33538 | Snake:4  | 33538 ||| Stepping ~*~*~tactically~*~*~ (retreating).
 33541 | Snake:4  | 33541 ||| INVOKING Heroism.
 33543 | Snake:4  | 33543 ||| INVOKING Finesse.
 33546 | Snake:4  | Killed Mara
 33726 | Snake:4  | 33726 ||| Stepping ~*~*~tactically~*~*~ (outnumbered).
 33728 | Snake:4  | 33728 ||| Stepping ~*~*~tactically~*~*~ (outnumbered).
 34336 | Snake:4  | 34336 ||| Stepping ~*~*~tactically~*~*~ (outnumbered).
 34340 | Snake:4  | 34340 ||| Stepping ~*~*~tactically~*~*~ (outnumbered).
 34342 | Snake:4  | 34342 ||| Stepping ~*~*~tactically~*~*~ (outnumbered).
 34354 | Snake:4  | 34354 ||| RETREATING.
 34793 | Snake:4  | 34793 ||| Stepping ~*~*~tactically~*~*~ (outnumbered).
 34795 | Snake:4  | 34795 ||| Stepping ~*~*~tactically~*~*~ (outnumbered).
 34797 | Snake:4  | 34797 ||| Stepping ~*~*~tactically~*~*~ (outnumbered).
 34800 | Snake:4  | 34800 ||| Stepping ~*~*~tactically~*~*~ (outnumbered).
 34802 | Snake:4  | 34802 ||| Stepping ~*~*~tactically~*~*~ (outnumbered).
 34808 | Snake:4  | 34808 ||| Stepping ~*~*~tactically~*~*~ (outnumbered).
 34810 | Snake:4  | 34810 ||| RETREATING.
 34841 | Snake:4  | 34841 ||| Stepping ~*~*~tactically~*~*~ (outnumbered).
 34843 | Snake:4  | 34843 ||| Stepping ~*~*~tactically~*~*~ (outnumbered).
 34849 | Snake:4  | 34849 ||| Stepping ~*~*~tactically~*~*~ (outnumbered).
 34961 | Snake:4  | Noticed Vashnia
 34963 | Snake:4  | Killed Vashnia
 34990 | Snake:4  | 34990 ||| Stepping ~*~*~tactically~*~*~ (outnumbered).
 35105 | Snake:4  | Got a serpentine rune of Zot
 35116 | Snake:4  | 35116 ||| PLANNING DEPTHS
 35473 | Depths:1 | Entered Level 1 of the Depths
 35481 | Depths:1 | Found a hide-covered altar of Uskayaw.
 35490 | Depths:1 | 35490 ||| RETREATING.
 35498 | Depths:1 | 35498 ||| INVOKING Heroism.
 35499 | Depths:1 | 35499 ||| INVOKING Finesse.
 35550 | Depths:1 | Found a gateway to Hell.
 35555 | Depths:1 | 35555 ||| INVOKING Heroism.
 35651 | Depths:1 | 35651 ||| INVOKING Finesse.
 35659 | Depths:1 | 35659 ||| INVOKING Heroism.
 35817 | Depths:1 | Reached skill level 15 in Dodging
 35929 | Depths:1 | 35929 ||| INVOKING Heroism.
 35930 | Depths:1 | 35930 ||| INVOKING Finesse.
 36001 | Depths:1 | 36001 ||| INVOKING Heroism.
 36002 | Depths:1 | 36002 ||| INVOKING Finesse.
 36041 | Depths:1 | Identified the +1 quarterstaff "Lifebane" {holy, *Rage
                  | Str+7 Int+6}
 36057 | Depths:1 | 36057 ||| INVOKING Heroism.
 36058 | Depths:1 | 36058 ||| INVOKING Finesse.
 36151 | Depths:1 | Found a one-way gateway to a ziggurat.
 36422 | Depths:1 | 36422 ||| READING 21 scrolls of identify.
 36422 | Depths:1 | 36422 ||| IDENTIFYING white potion
 36423 | Depths:1 | 36423 ||| DRINKING potion of experience.
 36423 | Depths:1 | Reached XP level 22. HP: 160/160 MP: 29/29
 36440 | Depths:2 | 36440 ||| INVOKING Heroism.
 36443 | Depths:2 | 36443 ||| STAIRDANCE
 36487 | Depths:2 | 36487 ||| STAIRDANCE
 36496 | Depths:2 | 36496 ||| STAIRDANCE
 36594 | Depths:2 | 36594 ||| RETREATING.
 36596 | Depths:2 | 36596 ||| INVOKING Finesse.
 36646 | Depths:2 | Reached skill level 24 in Fighting
 36658 | Depths:2 | 36658 ||| Stepping ~*~*~tactically~*~*~ (outnumbered).
 36660 | Depths:2 | 36660 ||| RETREATING.
 36663 | Depths:2 | 36663 ||| Stepping ~*~*~tactically~*~*~ (retreating).
 36664 | Depths:2 | 36664 ||| Stepping ~*~*~tactically~*~*~ (retreating).
 36665 | Depths:2 | 36665 ||| Stepping ~*~*~tactically~*~*~ (retreating).
 36666 | Depths:2 | 36666 ||| Stepping ~*~*~tactically~*~*~ (retreating).
 36667 | Depths:2 | 36667 ||| Stepping ~*~*~tactically~*~*~ (retreating).
 36668 | Depths:2 | 36668 ||| Stepping ~*~*~tactically~*~*~ (retreating).
 36669 | Depths:2 | 36669 ||| INVOKING Heroism.
 36913 | Depths:2 | 36913 ||| INVOKING Heroism.
 36949 | Depths:2 | Noticed a juggernaut
 36950 | Depths:2 | 36950 ||| Stepping ~*~*~tactically~*~*~ (retreating).
 36951 | Depths:2 | 36951 ||| INVOKING Heroism.
 36955 | Depths:2 | Killed a juggernaut
 36956 | Depths:2 | Reached XP level 23. HP: 115/167 MP: 28/30
 37079 | Depths:2 | 37079 ||| INVOKING Heroism.
 37146 | Depths:2 | 37146 ||| INVOKING Heroism.
 37197 | Depths:2 | 37197 ||| INVOKING Heroism.
 37198 | Depths:2 | 37198 ||| Stepping ~*~*~tactically~*~*~ (outnumbered).
 37206 | Depths:2 | 37206 ||| RETREATING.
 37364 | Depths:2 | 37364 ||| RETREATING.
 37373 | Depths:2 | 37373 ||| Stepping ~*~*~tactically~*~*~ (retreating).
 37374 | Depths:2 | 37374 ||| Stepping ~*~*~tactically~*~*~ (retreating).
 37375 | Depths:2 | 37375 ||| Stepping ~*~*~tactically~*~*~ (retreating).
 37376 | Depths:2 | 37376 ||| Stepping ~*~*~tactically~*~*~ (retreating).
 37377 | Depths:2 | 37377 ||| Stepping ~*~*~tactically~*~*~ (retreating).
 37378 | Depths:2 | 37378 ||| Stepping ~*~*~tactically~*~*~ (retreating).
 37379 | Depths:2 | 37379 ||| INVOKING Heroism.
 37750 | Depths:2 | Noticed a juggernaut
 37750 | Depths:2 | Noticed a juggernaut
 37751 | Depths:2 | 37751 ||| Stepping ~*~*~tactically~*~*~ (retreating).
 37752 | Depths:2 | 37752 ||| INVOKING Heroism.
 37753 | Depths:2 | 37753 ||| Stepping ~*~*~tactically~*~*~ (retreating).
 37754 | Depths:2 | 37754 ||| Stepping ~*~*~tactically~*~*~ (retreating).
 37755 | Depths:2 | 37755 ||| Stepping ~*~*~tactically~*~*~ (retreating).
 37758 | Depths:2 | 37758 ||| INVOKING Finesse.
 37761 | Depths:2 | Killed a juggernaut
 37767 | Depths:2 | Killed a juggernaut
 37855 | Depths:2 | 37855 ||| Stepping ~*~*~tactically~*~*~ (retreating).
 37857 | Depths:2 | 37857 ||| INVOKING Finesse.
 37881 | Depths:2 | Identified the +1 longbow of the Building Gods {heavy,
                  | *Slow rPois rC++}
 37934 | Depths:2 | Found Capetah's Armour Boutique.
 37945 | Depths:2 | 37945 ||| Stepping ~*~*~tactically~*~*~ (outnumbered).
 37946 | Depths:2 | 37946 ||| Stepping ~*~*~tactically~*~*~ (outnumbered).
 37951 | Depths:2 | 37951 ||| RETREATING.
 37957 | Depths:2 | Reached skill level 25 in Fighting
 37961 | Depths:2 | 37961 ||| INVOKING Heroism.
 38277 | Depths:2 | Found Odeorghy's Assorted Antiques.
 38448 | Depths:2 | Found a one-way gate leading to the halls of Pandemonium.
 38482 | Depths:2 | 38482 ||| INVOKING Heroism.
 38483 | Depths:2 | 38483 ||| INVOKING Finesse.
 38574 | Depths:2 | 38574 ||| DROPPING +2 cloak.
 38657 | Depths:3 | Found Gozag's Assorted Antiques.
 38665 | Depths:3 | Found an opulent altar of Gozag.
 38665 | Depths:3 | Found Gozag's Assorted Antiques.
 38665 | Depths:3 | Noticed a golden dragon
 38668 | Depths:3 | 38668 ||| BUYING potion of curing (300 gold).
 38668 | Depths:3 | Bought a potion of curing for 300 gold pieces
 38709 | Depths:3 | Found Gozag's Antique Weapon Shop.
 38734 | Depths:3 | 38734 ||| INVOKING Heroism.
 38735 | Depths:3 | 38735 ||| INVOKING Finesse.
 38736 | Depths:3 | 38736 ||| Stepping ~*~*~tactically~*~*~ (retreating).
 38737 | Depths:3 | 38737 ||| Stepping ~*~*~tactically~*~*~ (retreating).
 38738 | Depths:3 | 38738 ||| Stepping ~*~*~tactically~*~*~ (retreating).
 38739 | Depths:3 | 38739 ||| Stepping ~*~*~tactically~*~*~ (retreating).
 38740 | Depths:3 | 38740 ||| Stepping ~*~*~tactically~*~*~ (retreating).
 38741 | Depths:3 | 38741 ||| Stepping ~*~*~tactically~*~*~ (retreating).
 38745 | Depths:3 | Killed a golden dragon
 38849 | Depths:3 | 38849 ||| INVOKING Heroism.
 38914 | Depths:3 | 38914 ||| Stepping ~*~*~tactically~*~*~ (outnumbered).
 39023 | Depths:3 | Found a runed translucent gate.
 39023 | Depths:3 | Found a runed translucent gate.
 39023 | Depths:3 | Found a runed translucent gate.
 39066 | Depths:3 | 39066 ||| FLEEEEING.
 39067 | Depths:3 | 39067 ||| FLEEEEING.
 39088 | Depths:3 | 39088 ||| FLEEEEING.
 39100 | Depths:3 | 39100 ||| RETREATING.
 39108 | Depths:3 | 39108 ||| RETREATING.
 39112 | Depths:3 | 39112 ||| INVOKING Finesse.
 39340 | Depths:3 | 39340 ||| INVOKING Heroism.
 39432 | Depths:3 | 39432 ||| RETREATING.
 39433 | Depths:3 | 39433 ||| Stepping ~*~*~tactically~*~*~ (outnumbered).
 39437 | Depths:3 | 39437 ||| Stepping ~*~*~tactically~*~*~ (outnumbered).
 39568 | Depths:3 | Found a one-way gate to the infinite horrors of the Abyss.
 39620 | Depths:3 | Identified the +2 cloak of Ropyqara {+Blink rN+ Int+3}
 39694 | Depths:3 | 39694 ||| Stepping ~*~*~tactically~*~*~ (outnumbered).
 39831 | Depths:3 | 39831 ||| UPGRADING to +2 cloak of Ropyqara {+Blink rN+
                  | Int+3}.
 39871 | Depths:4 | Entered Level 4 of the Depths
 39872 | Depths:4 | 39872 ||| PLANNING WIZLAB
 39873 | Depths:4 | 39873 ||| STAIRDANCE
 39936 | Depths:4 | 39936 ||| STAIRDANCE
 40002 | Depths:4 | 40002 ||| STAIRDANCE
 40057 | Depths:4 | 40057 ||| STAIRDANCE
 40059 | Depths:3 | 40059 ||| INVOKING Finesse.
 40149 | Depths:4 | 40149 ||| STAIRDANCE
 40284 | Depths:4 | 40284 ||| INVOKING Heroism.
 40285 | Depths:4 | 40285 ||| INVOKING Finesse.
 40341 | Depths:4 | 40341 ||| INVOKING Heroism.
 40342 | Depths:4 | 40342 ||| RETREATING.
 40482 | Depths:4 | 40482 ||| INVOKING Heroism.
 40484 | Depths:4 | 40484 ||| RETREATING.
 40484 | Depths:4 | 40484 ||| RIP WIZLAB
 40485 | Depths:4 | 40485 ||| PLANNING DEPTHS
 40499 | Depths:4 | 40499 ||| INVOKING Heroism.
 40508 | Depths:4 | Reached XP level 24. HP: 167/178 MP: 30/30
 40510 | Depths:4 | Reached skill level 26 in Fighting
 40663 | Depths:4 | Found a runed translucent gate.
 40663 | Depths:4 | Found a runed translucent gate.
 40663 | Depths:4 | Found a runed translucent gate.
 40702 | Depths:4 | 40702 ||| Stepping ~*~*~tactically~*~*~ (retreating).
 40703 | Depths:4 | 40703 ||| Stepping ~*~*~tactically~*~*~ (retreating).
 40704 | Depths:4 | 40704 ||| Stepping ~*~*~tactically~*~*~ (retreating).
 40842 | Depths:4 | Noticed a dread lich
 40842 | Depths:4 | Noticed qw's ghost (veteran GrFi)
 40861 | Depths:4 | 40861 ||| INVOKING Heroism.
 41106 | Depths:4 | 41106 ||| RETREATING.
 41107 | Depths:4 | 41107 ||| FLEEEEING.
 41108 | Depths:4 | 41108 ||| FLEEEEING.
 41109 | Depths:4 | 41109 ||| FLEEEEING.
 41113 | Depths:4 | 41113 ||| FLEEEEING.
 41114 | Depths:4 | 41114 ||| FLEEEEING.
 41115 | Depths:4 | 41115 ||| FLEEEEING.
 41154 | Depths:4 | Reached skill level 18 in Armour
 41178 | Depths:4 | 41178 ||| INVOKING Heroism.
 41204 | Depths:4 | Found a runed translucent door.
 41218 | Depths:4 | Found a runed translucent door.
 41219 | Depths:4 | Found a runed translucent door.
 41262 | Depths:4 | Found a runed translucent door.
 41269 | Depths:4 | Found a runed translucent door.
 41285 | Depths:4 | 41285 ||| FLEEEEING.
 41341 | Depths:4 | Found a runed translucent door.
 41362 | Depths:4 | Identified the amulet "Ruden" {Spirit MP+9}
 41476 | Depths:4 | Found a gate to the Realm of Zot.
 41648 | Depths:4 | 41648 ||| PLANNING VAULTS:5
 42004 | Vaults:5 | Entered Level 5 of the Vaults
 42005 | Vaults:5 | 42005 ||| RETREATING.
 42005 | Vaults:5 | Noticed a dread lich
 42006 | Vaults:5 | 42006 ||| Stepping ~*~*~tactically~*~*~ (retreating).
 42007 | Vaults:5 | 42007 ||| STAIRDANCE
 42010 | Vaults:4 | 42010 ||| Stepping ~*~*~tactically~*~*~ (retreating).
 42011 | Vaults:4 | 42011 ||| Stepping ~*~*~tactically~*~*~ (retreating).
 42012 | Vaults:4 | 42012 ||| Stepping ~*~*~tactically~*~*~ (retreating).
 42017 | Vaults:4 | 42017 ||| INVOKING Heroism.
 42205 | Vaults:5 | 42205 ||| STAIRDANCE
 42207 | Vaults:4 | 42207 ||| INVOKING Heroism.
 42209 | Vaults:4 | Killed a dread lich
 42210 | Vaults:4 | 42210 ||| Stepping ~*~*~tactically~*~*~ (retreating).
 42211 | Vaults:4 | 42211 ||| Stepping ~*~*~tactically~*~*~ (retreating).
 42212 | Vaults:4 | 42212 ||| Stepping ~*~*~tactically~*~*~ (retreating).
 42213 | Vaults:4 | 42213 ||| Stepping ~*~*~tactically~*~*~ (retreating).
 42222 | Vaults:4 | HP: 41/180 [vault guard/+0 war axe (8)]
 42223 | Vaults:4 | 42223 ||| READING 15 scrolls of teleportation.
 42224 | Vaults:4 | 42224 ||| DRINKING 2 potions of heal wounds.
 42534 | Vaults:5 | 42534 ||| Stepping ~*~*~tactically~*~*~ (retreating).
 42535 | Vaults:5 | 42535 ||| Stepping ~*~*~tactically~*~*~ (retreating).
 42537 | Vaults:5 | 42537 ||| Stepping ~*~*~tactically~*~*~ (retreating).
 42538 | Vaults:5 | 42538 ||| Stepping ~*~*~tactically~*~*~ (retreating).
 42539 | Vaults:5 | 42539 ||| Stepping ~*~*~tactically~*~*~ (outnumbered).
 42540 | Vaults:5 | 42540 ||| Stepping ~*~*~tactically~*~*~ (retreating).
 42548 | Vaults:5 | 42548 ||| INVOKING Heroism.
 42553 | Vaults:5 | HP: 29/180 [vault warden/+0 great sword (17)]
 42554 | Vaults:5 | 42554 ||| READING 14 scrolls of teleportation.
 42555 | Vaults:5 | 42555 ||| DRINKING potion of heal wounds.
 42653 | Vaults:5 | 42653 ||| INVOKING Heroism.
 42874 | Vaults:5 | 42874 ||| INVOKING Heroism.
 42875 | Vaults:5 | 42875 ||| INVOKING Finesse.
 42950 | Vaults:5 | 42950 ||| Stepping ~*~*~tactically~*~*~ (outnumbered).
 42958 | Vaults:5 | 42958 ||| INVOKING Heroism.
 42965 | Vaults:5 | Reached skill level 27 in Fighting
 43075 | Vaults:5 | Identified the staff "Ickepraff" {Str+4 Earth}
 43128 | Vaults:5 | 43128 ||| INVOKING Heroism.
 43222 | Vaults:5 | 43222 ||| INVOKING Heroism.
 43310 | Vaults:5 | 43310 ||| INVOKING Heroism.
 43396 | Vaults:5 | 43396 ||| INVOKING Heroism.
 43430 | Vaults:5 | 43430 ||| INVOKING Heroism.
 43436 | Vaults:5 | 43436 ||| RETREATING.
 43437 | Vaults:5 | 43437 ||| Stepping ~*~*~tactically~*~*~ (outnumbered).
 43682 | Vaults:5 | Identified the +7 orcbow of Hok Apn {flame, rCorr Int+4}
 43691 | Vaults:5 | Identified the scarf of Rotation {repulsion, rPois Regen+
                  | Stlth+}
 43818 | Vaults:5 | 43818 ||| INVOKING Heroism.
 43822 | Vaults:5 | 43822 ||| Stepping ~*~*~tactically~*~*~ (outnumbered).
 43826 | Vaults:5 | 43826 ||| Stepping ~*~*~tactically~*~*~ (outnumbered).
 43829 | Vaults:5 | Reached XP level 25. HP: 170/187 MP: 31/31
 43879 | Vaults:5 | Identified the staff of the Unspeakable One {rElec rCorr
                  | Air}
 43957 | Vaults:5 | Found Nollett's Jewellery Emporium.
 43964 | Vaults:5 | Identified the +2 dagger of the Lurker {antimagic, *Slow
                  | Int+3 Dex+3}
 43966 | Vaults:5 | 43966 ||| BUYING +4 ring of protection (756 gold).
 43966 | Vaults:5 | Bought a +4 ring of protection for 756 gold pieces
 43966 | Vaults:5 | 43966 ||| BUYING +5 ring of evasion (756 gold).
 43966 | Vaults:5 | Bought a +5 ring of evasion for 756 gold pieces
 43966 | Vaults:5 | 43966 ||| BUYING amulet of faith (840 gold).
 43966 | Vaults:5 | Bought an amulet of faith for 840 gold pieces
 44122 | Vaults:5 | Got a silver rune of Zot
 44149 | Vaults:5 | Identified the +1 orcbow of Okawaru, Leaping {elec, rC+}
                  | (Okawaru gifted it to you on level 5 of the Vaults)
 44149 | Vaults:5 | Received a gift from Okawaru
 44218 | Vaults:5 | Identified the +2 dagger "Uvesm" {venom, rN+}
 44220 | Vaults:5 | Identified the +6 rapier "Eteefib" {antimagic, rC+ rN+}
 44412 | Vaults:5 | 44412 ||| PLANNING SHOPPING SPREE
 44412 | Vaults:5 | 44412 ||| DROPPING +2 leather armour of fire resistance.
 44413 | Vaults:5 | 44413 ||| DROPPING -1 cloak of the Skiapode {Dex+3}.
 44414 | Vaults:5 | 44414 ||| UPGRADING to scarf of Rotation {repulsion, rPois
                  | Regen+ Stlth+}.
 44424 | Vaults:5 | 44424 ||| DROPPING +2 cloak of Ropyqara {+Blink rN+ Int+3}.
 44425 | Vaults:5 | 44425 ||| DROPPING +1 ring mail of willpower.
 44426 | Vaults:5 | 44426 ||| DROPPING +1 cloak of poison resistance.
 44427 | Vaults:5 | 44427 ||| UPGRADING to amulet of faith.
 44437 | Vaults:5 | 44437 ||| DROPPING ring of positive energy.
 44438 | Vaults:5 | 44438 ||| DROPPING ring of fire.
 44439 | Vaults:5 | 44439 ||| DROPPING ring of ice.
 44440 | Vaults:5 | 44440 ||| DROPPING ring of ice.
 44441 | Vaults:5 | 44441 ||| DROPPING +6 ring of strength.
 44442 | Vaults:5 | 44442 ||| UPGRADING to +6 ring of dexterity.
 44444 | Vaults:5 | 44444 ||| DROPPING ring of willpower.
 44445 | Vaults:5 | 44445 ||| UPGRADING to +4 ring of protection.
 44447 | Vaults:5 | 44447 ||| UPGRADING to +5 ring of evasion.
 44449 | Vaults:5 | 44449 ||| DROPPING ring of willpower.
 44450 | Vaults:5 | 44450 ||| DROPPING +4 ring of protection.
 44451 | Vaults:5 | 44451 ||| PLANNING ZOT:1-4
 44841 | Zot:1    | Entered Level 1 of the Realm of Zot
 44842 | Zot:1    | 44842 ||| Stepping ~*~*~tactically~*~*~ (outnumbered).
 44847 | Zot:1    | 44847 ||| INVOKING Heroism.
 44850 | Zot:1    | HP: 43/187 [green draconian monk[a yellow draconian
                  | annihilator] (6)]
 44851 | Zot:1    | 44851 ||| READING 14 scrolls of teleportation.
 44851 | Zot:1    | HP: 21/187 [quicksilver dragon (3)]
 44852 | Zot:1    | 44852 ||| DRINKING potion of heal wounds.
 44856 | Zot:1    | HP: 40/187 [quicksilver dragon (2)]
 44857 | Zot:1    | Noticed an orb of fire
 44857 | Zot:1    | HP: 18/187 [acid[a yellow draconian annihilator] (9)]
 44858 | Zot:1    | 44858 ||| READING 13 scrolls of teleportation.
 44858 | Zot:1    | Slain by a green draconian monk

Levels and vault maps discovered:
D:1:      lemuel_arrival_broad_hall, layout_rooms
D:2:      cheibrodos_old_hovel, layout_loops_corners, serial_bayou_pond_c
D:3:      layout_loops_ring, nicolae_ashenzari_panopticon,
          mainiacjoe_overflow_alcove_4, makhleb_altar_promises_db,
          amcnicky_altar_gilded, uniq_sigmund
D:4:      layout_cave_pools, nemelex_xobeh_ov_fountains_minmay,
          lemuel_tele_altar, lemuel_round_altar,
          nicolae_ossuary_entry_false_entrances,
          nicolae_shop_i_like_small_books_too
D:5:      cheibrodos_barr_body, layout_loops_ring,
          nicolae_dithmenos_the_darkroom, nicolae_overflow_squiral,
          minmay_starry_boxes, uniq_blork_the_orc
D:6:      layout_cave_pools, lemuel_doored_altar,
          mainiacjoe_overflow_six_doors_small, minmay_temple_entry_glassed_door,
          gammafunk_ghost_hive, wad_rectangle_vault
D:7:      layout_loops_ring, mainiacjoe_overflow_surrounded_room, serial_shops,
          shop_fountains, kennysheep_crisscross
D:8:      layout_basic, nzn_wu_jian_council_hall, lair_entry_dummy,
          biasface_ghost_orc_armoury, serial_glass, glass_columns_a,
          glass_columns_a, glass_columns_b, glass_columns_a, glass_columns_b,
          glass_columns_b, glass_columns_a, glass_columns_c, glass_columns_a,
          glass_columns_a, glass_columns_b, glass_columns_c, glass_columns_b,
          glass_columns_b, uniq_erica
D:9:      layout_roguey, mainiacjoe_overflow_catwalk, gammafunk_ghost_stat_death
D:10:     layout_loops_ring, uniq_lodul
D:11:     hangedman_cross_cluster, layout_long_grid,
          nicolae_concentric_dashed_squares_wild, uniq_maurice
D:12:     layout_roguey, david_orc_4, st_stairs_3, minmay_crystal_room,
          einodemon_armed_red_devil_minivault, uniq_nessos
D:13:     layout_long_grid
D:14:     layout_roguey, grunt_vaults_entry_fortified, minmay_misc_feat_iff
D:15:     grunt_enter_depths_snipers, layout_stronghold,
          trog_three_pillars_becter, uniq_roxanne, uniq_rupert
Temple:   nicolae_temple_ecumenical_triangle
Lair:1:   layout_hall_layers, infiniplex_staircase_pool_2
Lair:2:   layout_cave_pods, minmay_shoals_entry_lonely_mermaid,
          guppyfry_snake_entry_garden
Lair:3:   layout_cave_pods, nzn_ghost_randoct, portal_ice_cave_entry_imps,
          st_stairs_3, beast_lair_carwin_7
Lair:4:   layout_cave_pods
Lair:5:   grunt_lair_end_beastmaster, layout_gridlike,
          minmay_slime_entry_oklob_enclosed, basic_altar
Shoals:1: layout_shoals
Shoals:2: layout_shoals, nicolae_shoals_dead_sea_scrolls
Shoals:3: layout_shoals, serial_shops, nicolae_shop_behind_doors,
          nicolae_shoals_square_sea_wall, nicolae_shoals_circle_sea_wall,
          nicolae_shoals_water_booths
Shoals:4: shoals_end_hellmonk_holy_island, uniq_polyphemus, uniq_louise,
          uniq_bai_suzhen
Snake:1:  layout_layer_cave, nicolae_snake_flat_spine, uniq_aizul
Snake:2:  layout_rooms, serial_shops, shop, basic_altar, minmay_shop_star,
          grunt_megastairs_5, uniq_saint_roka
Snake:3:  cheibrodos_snake_ritualist_ritual, layout_onion_interference,
          serial_shops, nicolae_stop_n_shop_2, hangedman_snake_pattern,
          grunt_megastairs_2
Snake:4:  grunt_snake_rune_serpentine_throne, layout_layer_cave,
          grunt_ministairs_2, uniq_vashnia, uniq_mara
Orc:1:    lemuel_ogre_cave, layout_caves, uniq_urug, uniq_fannar, uniq_josephine
Orc:2:    pubby_orc_utopia, serial_shops, uniq_snorg
Vaults:1: nicolae_vaults_six-pack, vaults_room_grunt_arrival_ludios,
          vaults_mumra_chevron_long, nicolae_vaults_variable_pillar_hall_cross,
          nicolae_vaults_big_angled_halls,
          nicolae_vaults_you_can_take_it_with_you,
          nicolae_vaults_storage_closets_2, v_misc_22, hangedman_vaults_nodes,
          hangedman_vaults_stretched_pinwheel, nicolae_vaults_sealed_display,
          nicolae_vaults_tetromino_L_1, vaults_dpeg_emergency_exit,
          layout_vaults_maze_snakey, uniq_donald
Vaults:2: nicolae_vaults_little_squares_3, vaults_standard_mumra_x,
          hangedman_vaults_stagger, nicolae_vaults_yaktaur_gun_rack, v_misc_33,
          minmay_crypt_entry_simple_corners, v_misc_29, v_misc_2,
          nicolae_vaults_double_plus_2, nicolae_vaults_tangram_2,
          vaults_room_ringed_pool, ontoclasm_vaults_gateway,
          nicolae_vaults_shipping_containers_2, vaults_room_stairs_pillars,
          nicolae_vaults_rhombus_5, nicolae_vaults_house_1,
          layout_vaults_omnicross
Vaults:3: v_misc_32, nicolae_vaults_turnstiles, nicolae_vaults_little_squares_1,
          nicolae_vaults_sightless_eye, nicolae_vaults_windows_and_doors_thing,
          nicolae_vaults_trapezoid_1, nicolae_vaults_trapezoid_2, v_misc_30,
          vaults_room_semicircle, layout_vaults_omnigrid
Vaults:4: v_misc_5, nicolae_vaults_little_squares_2, vaults_room_guarded_vault,
          nicolae_vaults_house_1, nicolae_vaults_tangram_2,
          nicolae_vaults_big_angled_halls, nicolae_vaults_diagonal_hallway_7,
          ontoclasm_vaults_spin, nicolae_vaults_oval_intersection,
          nicolae_vaults_tetromino_Z_1, nicolae_vaults_six-pack,
          v_alt_pattern_3, layout_vaults_omnibox
Vaults:5
Depths:1: minmay_the_grid_octo_triangle [minmay_the_grid_octo_teeth,
          minmay_the_grid_octo_prize_ultimate_mussel_roller,
          minmay_the_grid_octo_checkerflower], layout_basic, enter_ziggurat_b,
          hell_entry, roderic_roman_lattice, eat_drink_and_be_merry_uskayaw
Depths:2: nooodl_heptagram, layout_cave_pools, hell_entry, serial_shops, shop,
          shop, minmay_misc_feat_alley, rand_demon_pan_entry_4
Depths:3: kennysheep_gozag_temple, layout_basic, pf_dread_powers_of_hell,
          ploomutoo_gammafunk_ghost_potion_laboratory, serial_bayou_pond_c,
          marbit_kobold_abyss_entry, kilobyte_rumbling_trees
Depths:4: evilmike_zot_entry_castle, layout_gridlike,
          gammafunk_ghost_necromancy, mu_enter_wizlab_1, hangedman_coc_ice_floe
Zot:1:    kennysheep_blocky_hall, layout_cathedral_of_symmetry, zot_minivault_4

Skill      XL: |  1  2  3  4  5  6  7  8  9 10 11 12 13 14 15 16 17 18 19 20 21 22 23 24 |
---------------+-------------------------------------------------------------------------+-----
Ranged Weapons | 6 7 8 10 12 13 15 17 18 19 20 22 | 22.0
Fighting       | 3 4 5 6 8 9 10 11 12 13 14 15 18 19 21 23 24 25 27 | 27.0
Dodging        | 2 3 4 5 6 7 8 9 11 12 13 15 16 | 16.9
Armour         | 1 4 5 6 9 11 13 14 15 16 17 19 | 19.0
Invocations    | 3 4 7 10 11 | 11.6
Stealth        | |  1.1

Action                     |  1- 3 |  4- 6 |  7- 9 | 10-12 | 13-15 | 16-18 | 19-21 | 22-24 | 25-27 || total
---------------------------+-------+-------+-------+-------+-------+-------+-------+-------+-------++-------
   Fire: Shortbow          |   128 |    39 |       |       |       |       |       |       |       ||   167
         Longbow           |       |    59 |    96 |       |       |       |       |       |       ||   155
         Heavy crossbow    |       |       |    59 |   207 |   394 |   726 |   595 |   550 |    45 ||  2576
 Invoke: Heroism           |       |       |       |    17 |    26 |    45 |    20 |    32 |     1 ||   141
         Finesse           |       |       |       |       |     7 |     4 |    10 |     9 |       ||    30
    Use: Scroll            |     6 |     4 |     7 |     7 |     1 |     4 |     8 |     2 |     2 ||    41
         Potion            |     1 |     1 |       |     1 |     1 |     1 |     7 |     2 |     1 ||    15
 Armour: Leather armour    |    35 |     7 |       |       |       |       |       |       |       ||    42
         Robe              |       |    45 |    73 |       |       |       |       |       |       ||   118
         Steam dragon scal |       |       |       |    46 |       |       |       |       |       ||    46
         Troll leather arm |       |       |       |    64 |   106 |       |       |       |       ||   170
         Ring mail         |       |       |       |       |    42 |   405 |   575 |   468 |   100 ||  1590
  Dodge: Dodged            |    28 |    42 |    51 |   131 |   195 |   446 |   613 |   557 |   215 ||  2278
         Repelled          |       |       |       |       |       |       |       |       |     6 ||     6
  Block: Other             |       |       |       |       |       |     6 |   162 |   120 |     3 ||   291
         Reflection        |       |       |       |       |       |       |     9 |     7 |       ||    16

Table legend:
 A = Non-vault XP
 B = Vault XP
 C = Vault XP percentage of total XP
 D = Non-vault monster count
 E = Vault monster count
 F = Vault count percentage of total count
                 A         B        C        D         E       F
            +---------+---------+-------+---------+---------+-------
      Total |  412215 |  464161 |  53.0 |     949 |     803 |  45.8
            +---------+---------+-------+---------+---------+-------
        D:1 |      32 |       0 |   0.0 |      21 |       0 |   0.0
        D:2 |      43 |       1 |   2.3 |      21 |       1 |   4.5
        D:3 |      48 |     214 |  81.7 |      15 |       1 |   6.2
        D:4 |       6 |       0 |   0.0 |       4 |       0 |   0.0
        D:5 |    1094 |     931 |  46.0 |      16 |      19 |  54.3
        D:6 |    1186 |     370 |  23.8 |      17 |       6 |  26.1
        D:7 |    1203 |       0 |   0.0 |      19 |       0 |   0.0
        D:8 |    2046 |     847 |  29.3 |      29 |       1 |   3.3
        D:9 |    4896 |       0 |   0.0 |      39 |       0 |   0.0
       D:10 |    1902 |    1722 |  47.5 |      10 |       9 |  47.4
       D:11 |    5265 |    7141 |  57.6 |      32 |      28 |  46.7
       D:12 |    5995 |    4830 |  44.6 |      28 |      22 |  44.0
       D:13 |    7022 |       0 |   0.0 |      11 |       0 |   0.0
       D:14 |   10992 |    6769 |  38.1 |      18 |      10 |  35.7
       D:15 |    7889 |    5916 |  42.9 |      19 |       5 |  20.8
     Lair:1 |    4122 |       0 |   0.0 |      18 |       0 |   0.0
     Lair:2 |   13122 |     778 |   5.6 |      35 |       3 |   7.9
     Lair:3 |    4669 |    3873 |  45.3 |      14 |      22 |  61.1
     Lair:4 |    9946 |       0 |   0.0 |      29 |       0 |   0.0
     Lair:5 |   12195 |   11657 |  48.9 |      31 |      24 |  43.6
   Shoals:1 |   18389 |       0 |   0.0 |      37 |       0 |   0.0
   Shoals:2 |    3118 |       0 |   0.0 |       7 |       0 |   0.0
   Shoals:3 |   13547 |     305 |   2.2 |      28 |       1 |   3.4
   Shoals:4 |   12523 |   34000 |  73.1 |      23 |      42 |  64.6
    Snake:1 |   13530 |    1398 |   9.4 |      26 |       1 |   3.7
    Snake:2 |   14047 |    6602 |  32.0 |      27 |      19 |  41.3
    Snake:3 |   19205 |    3350 |  14.9 |      38 |       7 |  15.6
    Snake:4 |   17397 |   31385 |  64.3 |      33 |      38 |  53.5
      Orc:1 |    2653 |   10874 |  80.4 |      34 |      37 |  52.1
      Orc:2 |       0 |   21345 | 100.0 |       0 |     149 | 100.0
   Vaults:1 |   24779 |   37562 |  60.3 |      31 |      46 |  59.7
   Vaults:2 |   23517 |   24618 |  51.1 |      33 |      38 |  53.5
   Vaults:3 |   13554 |   12641 |  48.3 |      21 |      16 |  43.2
   Vaults:4 |   19718 |   34523 |  63.6 |      25 |      38 |  60.3
   Vaults:5 |   12121 |   77606 |  86.5 |      20 |      69 |  77.5
   Depths:1 |   14516 |   24694 |  63.0 |      19 |      24 |  55.8
   Depths:2 |   30782 |   48005 |  60.9 |      44 |      45 |  50.6
   Depths:3 |   32944 |   13191 |  28.6 |      39 |      18 |  31.6
   Depths:4 |   28533 |   35811 |  55.7 |      34 |      32 |  48.5
      Zot:1 |    3669 |       0 |   0.0 |       4 |       0 |   0.0
    Ossuary |       0 |    1202 | 100.0 |       0 |      32 | 100.0
            +---------+---------+-------+---------+---------+-------
